 Dungeon Crawl Stone Soup version 0.30.0-20-g3615ddf2f0 (webtiles) character file.

Game seed: 10107930117822277078

383926 qw the Hoplite (level 22, 1/1 HPs)
             Began as a Gargoyle Fighter on June 1, 2023.
             Was a Follower of Okawaru.
             Quit the game on level 2 of the Depths.
             The game lasted 00:43:11 (71684 turns).

qw the Hoplite (Gargoyle Fighter)                  Turns: 71684, Time: 00:43:12

Health: 1/1        AC: 61    Str: 36    XL:     22   Next: 95%
Magic:  29/29      EV: 12    Int: 10    God:    Okawaru [*.....]
Gold:   1249       SH: 23    Dex: 12    Spells: 21/21 levels left

rFire   . . .        e - +9 broad axe (vamp)
rCold   . . .        H - +2 tower shield {AC+3}
rNeg    + . .        x - +1 shadow dragon scales of Okawaru's Reproof {Str+6 Dex+3 Stlth++++}
rPois   inf          b - +2 helmet
rElec   +            G - +2 cloak
rCorr   .            s - +2 pair of gloves
SInv    +            a - +2 pair of boots
Will    ++...        w - amulet of faith
Stlth   ++           v - ring of see invisible
HPRegen 1.00/turn    z - +4 ring of slaying {mikee}
MPRegen 0.21/turn

%: faith
@: flying
A: sickness immunity, AC +16, big wings, negative energy resistance 1,
electricity resistance, torment resistance 1, petrification resistance,
iridescent scales 2, strong-willed 1, regeneration 1
}: 2/15 runes: decaying, serpentine
a: Renounce Religion, Heroism


You were on level 2 of the Depths.
You worshipped Okawaru.
Okawaru was aware of your devotion.
You visited 8 branches of the dungeon, and saw 38 of its levels.
You visited the Abyss 1 time.

You collected 4172 gold pieces.
You spent 2923 gold pieces at shops.


Innate Abilities, Weirdness & Mutations

You are immune to sickness and miasma.
Your stone body is resilient. (AC +16)
You are immune to poison.
Your large and strong wings let you fly.
You resist negative energy. (rN+)
You are resistant to electric shocks. (rElec)
You are resistant to unholy torment.
You are immune to petrification.
You are mostly covered in iridescent scales. (AC +4)
You are strong-willed. (Will+)
Your natural rate of healing is unusually fast.


   Skills:
 + Level 20.3 Fighting
 - Level 18.0 Axes
 - Level 11.0 Throwing
 - Level 20.0 Armour
 - Level 8.0 Dodging
 - Level 21.0 Shields
 - Level 10.0 Invocations


You had 21 spell levels left.
You didn't know any spells.
Your spell library was empty.

Inventory:

Hand Weapons
 e - a +9 vampiric broad axe (weapon)
Missiles
 k - 2 silver javelins (quivered)
 C - 21 javelins
 K - 3 boomerangs
 M - 2 boomerangs of dispersal
Armour
 a - a +2 pair of boots (worn)
 b - a +2 helmet (worn)
 n - a +1 hat of see invisible
 s - a +2 pair of gloves (worn)
 x - the +1 shadow dragon scales of Okawaru's Reproof (worn) {Str+6 Dex+3 Stlth++++}
   (Okawaru gifted it to you on level 5 of the Lair of Beasts)

   Str:       It affects your strength (+6).
   Dex:       It affects your dexterity (+3).
   Stlth:     It makes you much more stealthy.
 B - a +4 plate armour of cold resistance
 G - a +2 cloak (worn)
 H - a +2 tower shield of protection (worn)
Jewellery
 c - a ring of ice
 q - a ring of resist corrosion
 r - an amulet of regeneration
 v - a ring of see invisible (left hand)
 w - an amulet of faith (around neck)
 y - a ring of protection from fire
 z - a +4 ring of slaying (right hand) {mikee}
 A - a ring of protection from fire
 D - a +4 ring of protection
 E - the ring of Qidorphull {rCorr Int+6 Dex+2}
   (You acquired it on level 2 of the Orcish Mines)

   [ring of intelligence]

   Int:       It affects your intelligence (+6).
   Dex:       It affects your dexterity (+2).
   rCorr:     It protects you from acid and corrosion.
Wands
 t - a wand of digging (11)
Scrolls
 f - 14 scrolls of teleportation
 h - 8 scrolls of identify
 J - 3 scrolls of brand weapon
 L - a scroll of enchant armour
Potions
 d - 7 potions of might
 g - 12 potions of lignification
 i - 18 potions of curing
 j - 2 potions of cancellation
 l - 5 potions of mutation
 m - a potion of magic
 o - 7 potions of attraction
 p - 10 potions of haste
 F - 4 potions of resistance
 I - 5 potions of heal wounds

Dungeon Overview and Level Annotations

Branches:
Dungeon (15/15)            Temple (1/1) D:5            Lair (5/5) D:8
  Swamp (4/4) Lair:3        Snake (4/4) Lair:3        Slime (0/5) Lair:5
    Orc (2/2) D:10            Elf (0/3) Orc:2        Vaults (4/5) D:13
  Crypt (0/3) Vaults:3     Depths (3/4) D:15

Altars:
Ashenzari
Cheibriados
Dithmenos
Elyvilon
Fedhas
Gozag
Hepliaklqana
Kikubaaqudgha
Makhleb
Nemelex Xobeh
Okawaru
Qazlal
Ru
Sif Muna
Trog
Uskayaw
Vehumet
Wu Jian
Xom
Yredelemnul
Zin
The Shining One
Jiyva
Lugonu

Shops:
Orc:2 **=(   Snake:1 =::   Snake:2 *   Vaults:1 *   Vaults:3 *(!!

Portals:
Hell: Depths:1 Depths:2 Depths:3
Abyss: Depths:1 Depths:3
Pandemonium: Orc:2 Depths:2
Trove: Depths:2 (give 13 potions of heal wounds)

Annotations:
D:8 3 runed translucent doors, qw's ghost, novice GrCA
Lair:1 2 transporters, qw's ghost, novice GrFi
Vaults:3 1 runed translucent door, Kare Xaoge's ghost, adept DgTm
Depths:1 3 runed translucent doors, Soesill's ghost, adept DgCj
Depths:3 1 runed translucent door, qw's ghost, veteran GrFi


Message History

There is a portal to a secret trove of treasure here.
Done exploring.
There is a stone staircase leading down here.
Done exploring.
There is a portal to a secret trove of treasure here.
Done exploring.
There is a stone staircase leading down here.
Done exploring.
There is a portal to a secret trove of treasure here.
Done exploring.
There is a gateway to Hell here.
Done exploring.
There is a portal to a secret trove of treasure here.
Done exploring.
There is a one-way gate leading to the halls of Pandemonium here.
Done exploring.
There is a portal to a secret trove of treasure here.
Done exploring.
There is a stone staircase leading down here.
Done exploring.
There is a portal to a secret trove of treasure here.
Done exploring.
There is a stone staircase leading down here.
Done exploring.
There is a portal to a secret trove of treasure here.
Done exploring.
Zot has nearly found you.
Suffering is imminent.
Descend or flee this branch!
Done exploring.
There is a portal to a secret trove of treasure here.
Done exploring.
There is a gateway to Hell here.
Done exploring.
There is a portal to a secret trove of treasure here.
Done exploring.
There is a one-way gate leading to the halls of Pandemonium here.
Done exploring.
There is a portal to a secret trove of treasure here.
Done exploring.
Zot's power touches on you...
Are you sure you want to abandon this character and quit the game? (Confirm with "yes".)

#............#....#....#
#...\........##..#######
..............#...###.##
.........[[.......#....##
.........)).............#
...............#........#
.....#..............#####
....................#
.........##.....@...#
...........#####.\..#
.............# #...##
............## #...#
.....##.....## #..##
.....#.......# ####
....####.#.### ....#
##### #...#


There were no monsters in sight!

Vanquished Creatures
  Mara (Vaults:3)
  Vashnia (Snake:4)
  2 tentacled monstrosities
  3 liches
  Zenata (Vaults:3)
  2 sphinxes
  A tentacled starspawn (D:11)
  A shadow dragon (Vaults:4)
  Frances (D:14)
  2 thorn hunters
  6 fire giants
  A nagaraja (Snake:4)
  3 fenstrider witches (Swamp:4)
  2 iron dragons (Depths:3)
  10 vault wardens
  7 frost giants
  A balrug (Abyss:1)
  A deep elf sorcerer (Vaults:4)
  An orc warlord (Orc:1)
  Aizul (Snake:1)
  13 ironbound preservers
  A draconian stormcaller (Abyss:1)
  A war gargoyle (Vaults:2)
  2 spriggan defenders (Depths:2)
  2 reapers (Swamp:4)
  3 vampire knights (Depths:1)
  16 very ugly things
  11 stone giants
  11 ironbound thunderhulks
  Nessos (D:12)
  Azrael (D:14)
  6 bunyips
  3 eleionomae
  3 spark wasps
  22 dire elephants
  4 ettins
  Snorg (Orc:1)
  2 crystal guardians
  A merfolk javelineer (Depths:3)
  15 fire dragons
  12 yaktaur captains
  2 shambling mangroves (Swamp:4)
  6 rakshasas
  A deep elf high priest (Vaults:2)
  7 great orbs of eyes
  7 vault guards
  5 entropy weavers
  3 salamander tyrants (Snake:4)
  7 ice dragons
  5 spriggan air magi
  5 ghost crabs
  9 hydras
  4 peacekeepers
  3 ogre magi
  4 boulder beetles
  20 centaur warriors
  A demonspawn (Orc:2)
  7 ironbound frosthearts
  7 anacondas
  A two-headed ogre (shapeshifter) (D:13)
  5 deep troll shamans
  16 naga warriors
  7 two-headed ogres
  6 deep troll earth magi
  2 tengu warriors (Depths:3)
  Urug (Orc:1)
  11 alligators
  9 orc high priests
  5 shock serpents
  5 death yaks
  5 spriggan berserkers
  A thrashing horror (Abyss:1)
  A soul eater (Swamp:4)
  4 sun demons
  17 naga sharpshooters
  Sonja (D:11)
  5 iron trolls
  A hell knight (Depths:1)
  A storm dragon zombie (Depths:1)
  3 salamander mystics
  A skyshark (Lair:5)
  2 spectral death yaks (Lair:5)
  A fire crab (Lair:5)
  5 large abominations
  3 skeletal warriors (D:15)
  2 goliath frogs
  2 sea snakes (Snake:2)
  2 sixfirhies (Swamp:4)
  A death drake (Swamp:1)
  38 deep trolls
  A spectral anaconda (Lair:5)
  A flayed ghost (Depths:3)
  5 phantasmal warriors
  5 spriggan druids
  2 spriggan riders (Depths:1)
  4 swamp dragons
  2 bog bodies
  10 naga ritualists
  6 glowing orange brains
  8 necromancers
  4 orc knights (Orc:2)
  12 wizards
  16 ironbound convokers
  7 harpies (Vaults:2)
  An obsidian statue (Lair:5)
  An oklob plant (Lair:2)
  4 deep elf zephyrmancers (Swamp:4)
  18 mana vipers
  18 lindwurms
  3 frost giant zombies (Depths:1)
  An iron dragon zombie (Depths:1)
  4 deep elf pyromancers
  9 orc sorcerers
  2 manticores
  24 ugly things
  A dire elephant zombie (Lair:5)
  11 salamanders
  A fire giant zombie (Depths:1)
  4 will-o-the-wisps
  6 cyclopes
  27 elephants
  3 guardian serpents (Snake:4)
  6 orange demons
  59 black mambas
  An elephant (shapeshifter) (D:15)
  A titan simulacrum (Abyss:1)
  21 vault sentinels
  17 naga magi
  A torpor snail (shapeshifter) (Vaults:4)
  17 cane toads
  2 rime drakes
  An efreet (D:15)
  2 dire elephant skeletons (Lair:5)
  2 unseen horrors (Depths:3)
  Maggie (D:10)
  10 komodo dragons
  Psyche (D:11)
  A yaktaur (shapeshifter) (Vaults:2)
  A tengu conjurer (Depths:3)
  A freezing wraith (D:15)
  An ice devil (Orc:2)
  2 kobold demonologists (D:12)
  30 yaktaurs
  7 trolls
  A harpy zombie (Abyss:1)
  A polar bear (Lair:5)
  15 hornets
  8 tyrant leeches
  4 hellwings
  Prince Ribbit (D:8)
  2 spectral elephants (Lair:5)
  4 blink frogs (Lair:5)
  A stone giant simulacrum (Depths:1)
  7 dream sheep (Lair:3)
  A dream sheep (shapeshifter) (Depths:1)
  A shadow (D:11)
  29 slime creatures
  15 spriggans
  2 ynoxinuls (Abyss:1)
  4 water elementals
  2 vampires
  7 chaos spawn
  3 wyverns
  59 yaks
  A neqoxec (Swamp:4)
  Eustachio (D:4)
  3 basilisks
  4 fire elementals
  2 steam dragons
  2 death yak simulacra (Lair:5)
  A redback (Vaults:2)
  53 nagas
  4 wargs
  11 vampire mosquitoes
  2 spectral cane toads (Lair:5)
  11 swamp worms
  A floating eye (Depths:1)
  4 hell hounds (D:14)
  20 water moccasins
  4 swamp drakes
  28 orc warriors
  A black bear (D:8)
  An ice beast (D:7)
  5 sky beasts
  3 wolves (Lair:5)
  6 ogres
  16 centaurs
  A centaur (shapeshifter) (D:13)
  An elephant skeleton (Lair:5)
  8 kobold brigands
  A gnoll sergeant (D:9)
  12 bullfrogs
  A cane toad simulacrum (Lair:5)
  A scorpion (D:6)
  An earth elemental (Abyss:1)
  6 wights
  7 killer bees
  An elephant simulacrum (Lair:5)
  3 howler monkeys
  2 electric eels
  7 small abominations
  2 hounds
  6 jellies
  29 orc priests
  3 starcursed masses (Abyss:1)
  Natasha (thrice) (D:4)
  16 orc wizards
  4 gnolls (D:9)
  12 adders
  A shadow imp (D:8)
  An ufetubus (D:6)
  2 worms
  4 dart slugs
  89 orcs
  6 ball pythons
  3 endoplasms
  2 giant cockroaches (D:1)
  6 goblins
  4 hobgoblins
  6 jackals
  42 kobolds
  3 quokkas
  5 bats
  2 frilled lizards
  4 rats
1510 creatures vanquished.

Vanquished Creatures (others)
  A black mamba (Snake:4)
  A hornet (Swamp:3)
  An orc wizard (Orc:1)
  An orc (D:6)
  26 foxfires
  A starspawn tentacle (D:11)
31 creatures vanquished.

Grand Total: 1541 creatures vanquished

Notes
Turn   | Place    | Note
-------+----------+-------------------------------------------
     0 | D:1      | qw the Gargoyle Fighter began the quest for the Orb.
     0 | D:1      | Reached XP level 1. HP: 14/14 MP: 1/1
     0 | D:1      | 0 ||| qw: Version: 0.2-a-102-gdf20003
     0 | D:1      | 0 ||| qw: Game counter: 732
     0 | D:1      | 0 ||| qw: Always use a shield: true
     0 | D:1      | 0 ||| qw: God list: Okawaru
     0 | D:1      | 0 ||| qw: Allow faded altars: false
     0 | D:1      | 0 ||| qw: Do Orc after D:15 true
     0 | D:1      | 0 ||| qw: Do second Lair branch before Depths: true
     0 | D:1      | 0 ||| qw: Lair rune preference: random
     0 | D:1      | 0 ||| qw: Plans: Normal, Zot:1-4, Slime:5, God:TSO, Crypt,
                  | Tomb, Pan, Hells, Abyss, Win
     0 | D:1      | 0 ||| PLANNING D:1-11
    19 | D:1      | Noticed an electric eel
   340 | D:1      | Reached XP level 2. HP: 19/19 MP: 2/2
   519 | D:1      | 519 ||| READING scroll labelled LOBATOWK ZUMME.
   523 | D:1      | 523 ||| READING 2 scrolls labelled YNKAIM ITH.
   524 | D:1      | 524 ||| READING 2 scrolls labelled EFUDAATAIPH.
   525 | D:1      | 525 ||| DROPPING scroll of noise.
   568 | D:2      | Reached skill level 3 in Axes
   570 | D:2      | Reached XP level 3. HP: 10/23 MP: 3/3
   576 | D:2      | 576 ||| FLEEEEING.
   577 | D:2      | 577 ||| FLEEEEING.
   578 | D:2      | 578 ||| FLEEEEING.
   579 | D:2      | 579 ||| FLEEEEING.
   590 | D:2      | 590 ||| FLEEEEING.
   591 | D:2      | 591 ||| STAIRDANCE
   632 | D:2      | 632 ||| STAIRDANCE
   638 | D:1      | Reached XP level 4. HP: 25/28 MP: 4/4
   670 | D:2      | 670 ||| DROPPING +0 whip.
   948 | D:2      | Identified the +6 spear of Peril {freeze, rCorr Stlth+}
  1134 | D:2      | 1134 ||| Stepping ~*~*~tactically~*~*~ (hiding).
  1135 | D:2      | 1135 ||| Stepping ~*~*~tactically~*~*~ (hiding).
  1297 | D:2      | 1297 ||| UPGRADING to +0 pair of boots.
  1302 | D:2      | 1302 ||| UPGRADING to +0 plate armour.
  1312 | D:2      | 1312 ||| DROPPING +0 scale mail.
  1313 | D:2      | 1313 ||| UPGRADING to +6 ring of dexterity.
  1314 | D:2      | 1314 ||| READING scroll labelled UCYKAU YNEUBA.
  1315 | D:2      | 1315 ||| READING scroll labelled ZITSEB TUATOPT.
  1316 | D:2      | 1316 ||| READING scroll labelled XISCHI VUSM.
  1317 | D:2      | 1317 ||| DRINKING 2 orange potions.
  1363 | D:2      | 1363 ||| DRINKING 2 fuming orange potions.
  1364 | D:2      | 1364 ||| DROPPING potion of degeneration.
  1850 | D:3      | Reached XP level 5. HP: 32/32 MP: 5/5
  1995 | D:3      | Found a burning altar of Makhleb.
  2018 | D:3      | Found a glowing golden altar of the Shining One.
  2019 | D:3      | 2019 ||| Stepping ~*~*~tactically~*~*~ (stealth).
  2112 | D:3      | 2112 ||| UPGRADING to +0 helmet.
  2117 | D:3      | 2117 ||| READING 3 scrolls of identify.
  2117 | D:3      | 2117 ||| IDENTIFYING lumpy amethyst potion
  2239 | D:4      | 2239 ||| Stepping ~*~*~tactically~*~*~ (stealth).
  2240 | D:4      | 2240 ||| Stepping ~*~*~tactically~*~*~ (stealth).
  2246 | D:4      | 2246 ||| Stepping ~*~*~tactically~*~*~ (stealth).
  2284 | D:4      | 2284 ||| Stepping ~*~*~tactically~*~*~ (stealth).
  2286 | D:4      | 2286 ||| Stepping ~*~*~tactically~*~*~ (stealth).
  2289 | D:4      | 2289 ||| Stepping ~*~*~tactically~*~*~ (stealth).
  2290 | D:4      | 2290 ||| Stepping ~*~*~tactically~*~*~ (stealth).
  2392 | D:4      | Reached XP level 6. HP: 38/38 MP: 6/6
  2392 | D:4      | 2392 ||| Stepping ~*~*~tactically~*~*~ (stealth).
  2473 | D:4      | Reached skill level 1 in Dodging
  2575 | D:4      | Noticed Natasha
  2585 | D:4      | Killed Natasha
  2658 | D:4      | Found a snail-covered altar of Cheibriados.
  2769 | D:4      | Noticed a sky beast
  2770 | D:4      | 2770 ||| Stepping ~*~*~tactically~*~*~ (stealth).
  2771 | D:4      | 2771 ||| Stepping ~*~*~tactically~*~*~ (stealth).
  2781 | D:4      | Killed a sky beast
  2838 | D:4      | Noticed Eustachio
  2863 | D:4      | Killed Eustachio
  2864 | D:4      | Reached skill level 6 in Axes
  2864 | D:4      | Reached XP level 7. HP: 31/43 MP: 7/7
  2971 | D:4      | Noticed Natasha
  2976 | D:4      | Killed Natasha
  3025 | D:4      | Noticed Natasha
  3035 | D:4      | Killed Natasha
  3082 | D:4      | 3082 ||| UPGRADING to ring of willpower.
  3083 | D:4      | 3083 ||| READING 2 scrolls labelled HOXKIO TACA.
  3084 | D:4      | 3084 ||| READING scroll labelled JARPHO GOEPN.
  3085 | D:4      | 3085 ||| READING scroll labelled LUUKOPAHAFO.
  3116 | D:4      | 3116 ||| READING 2 scrolls of identify.
  3116 | D:4      | 3116 ||| IDENTIFYING blue potion
  3117 | D:4      | 3117 ||| DROPPING scroll of fear.
  3171 | D:5      | Entered Level 5 of the Dungeon
  3173 | D:5      | 3173 ||| Stepping ~*~*~tactically~*~*~ (stealth).
  3186 | D:5      | Found a shimmering blue altar of Sif Muna.
  3494 | D:5      | Noticed a steam dragon
  3501 | D:5      | Killed a steam dragon
  3502 | D:5      | Reached XP level 8. HP: 31/49 MP: 8/8
  3704 | D:5      | Found a staircase to the Ecumenical Temple.
  3705 | D:5      | 3705 ||| PLANNING TEMPLE
  3713 | Temple   | Entered the Ecumenical Temple
  3721 | Temple   | 3721 ||| PLANNING OKAWARU WORSHIP
  3748 | Temple   | Became a worshipper of Warmaster Okawaru
  3748 | Temple   | 3748 ||| PLANNING D:1-11
  3829 | D:6      | Reached skill level 1 in Throwing
  3879 | D:6      | 3879 ||| Stepping ~*~*~tactically~*~*~ (hiding).
  3880 | D:6      | 3880 ||| Stepping ~*~*~tactically~*~*~ (hiding).
  3893 | D:6      | 3893 ||| Stepping ~*~*~tactically~*~*~ (hiding).
  4026 | D:6      | 4026 ||| Stepping ~*~*~tactically~*~*~ (hiding).
  4029 | D:6      | 4029 ||| Stepping ~*~*~tactically~*~*~ (hiding).
  4059 | D:6      | HP: 8/49 [steam dragon (6)]
  4060 | D:6      | 4060 ||| READING scroll of teleportation.
  4061 | D:6      | 4061 ||| DRINKING potion of heal wounds.
  4159 | D:6      | 4159 ||| Stepping ~*~*~tactically~*~*~ (stealth).
  4162 | D:6      | 4162 ||| Stepping ~*~*~tactically~*~*~ (hiding).
  4164 | D:6      | 4164 ||| Stepping ~*~*~tactically~*~*~ (hiding).
  4175 | D:6      | Reached * piety under Okawaru
  4176 | D:6      | 4176 ||| INVOKING Heroism.
  4381 | D:6      | 4381 ||| INVOKING Heroism.
  4511 | D:6      | Found a hazy altar of Hepliaklqana.
  4609 | D:6      | 4609 ||| Stepping ~*~*~tactically~*~*~ (stealth).
  4732 | D:6      | 4732 ||| Stepping ~*~*~tactically~*~*~ (stealth).
  4736 | D:6      | 4736 ||| Stepping ~*~*~tactically~*~*~ (stealth).
  4745 | D:6      | 4745 ||| STAIRDANCE
  4748 | D:5      | Reached skill level 6 in Fighting
  4763 | D:5      | 4763 ||| READING scroll labelled LUCKEILERGH.
  4879 | D:6      | Identified the +1 trident "Zic Haut" {drain, rPois Str+2}
  5199 | D:6      | 5199 ||| Stepping ~*~*~tactically~*~*~ (stealth).
  5246 | D:6      | 5246 ||| INVOKING Heroism.
  5254 | D:6      | Reached XP level 9. HP: 51/55 MP: 6/9
  5301 | D:6      | 5301 ||| INVOKING Heroism.
  5598 | D:7      | 5598 ||| STAIRDANCE
  5645 | D:7      | Reached skill level 9 in Axes
  5649 | D:7      | Identified the +9 dagger of Equilibrium {protect, Fly rElec
                  | Int+2 SInv}
  5767 | D:7      | Found a sacrificial altar of Ru.
  5841 | D:7      | Identified the +4 long sword "Odirgh" {heavy, *Noise rC+
                  | rCorr Dex+2}
  6016 | D:7      | You fall into a shaft and drop 2 floors!
  6026 | D:9      | Reached skill level 1 in Invocations
  6096 | D:9      | 6096 ||| DROPPING ring of flight.
  6097 | D:9      | 6097 ||| READING 2 scrolls labelled ONAKHUHAHA.
  6098 | D:9      | 6098 ||| DRINKING 2 coppery potions.
  6098 | D:9      | Gained mutation: Your natural rate of healing is unusually
                  | fast. [potion of mutation]
  6098 | D:9      | Gained mutation: You are partially covered in iridescent
                  | scales. (AC +2) [potion of mutation]
  6098 | D:9      | Gained mutation: You are mostly covered in iridescent
                  | scales. (AC +4) [potion of mutation]
  6098 | D:9      | Gained mutation: You are strong-willed. (Will+) [potion of
                  | mutation]
  6099 | D:9      | 6099 ||| DRINKING 2 lumpy sapphire potions.
  6100 | D:9      | 6100 ||| DROPPING scroll of immolation.
  6125 | D:8      | Reached skill level 4 in Shields
  6129 | D:8      | 6129 ||| Stepping ~*~*~tactically~*~*~ (stealth).
  6135 | D:8      | 6135 ||| Stepping ~*~*~tactically~*~*~ (stealth).
  6136 | D:8      | 6136 ||| Stepping ~*~*~tactically~*~*~ (stealth).
  6139 | D:8      | 6139 ||| Stepping ~*~*~tactically~*~*~ (stealth).
  6142 | D:8      | 6142 ||| Stepping ~*~*~tactically~*~*~ (stealth).
  6160 | D:8      | Found a runed translucent gate.
  6165 | D:8      | Found a runed translucent gate.
  6166 | D:8      | Found a runed translucent gate.
  6216 | D:8      | 6216 ||| UPGRADING to amulet of regeneration.
  6368 | D:7      | Reached skill level 3 in Invocations
  6568 | D:8      | Reached skill level 6 in Armour
  6584 | D:8      | Noticed Prince Ribbit
  6585 | D:8      | 6585 ||| INVOKING Heroism.
  6598 | D:8      | Killed Prince Ribbit
  6598 | D:8      | Reached ** piety under Okawaru
  6690 | D:8      | 6690 ||| Stepping ~*~*~tactically~*~*~ (stealth).
  6691 | D:8      | 6691 ||| INVOKING Heroism.
  6694 | D:8      | 6694 ||| Stepping ~*~*~tactically~*~*~ (hiding).
  6696 | D:8      | 6696 ||| Stepping ~*~*~tactically~*~*~ (hiding).
  6713 | D:8      | Reached XP level 10. HP: 63/63 MP: 13/13
  6718 | D:8      | 6718 ||| SWAPPING to +5 war axe.
  6719 | D:8      | 6719 ||| DROPPING +0 war axe.
  6724 | D:8      | Noticed an elephant
  6736 | D:8      | Killed an elephant
  6739 | D:8      | Found a staircase to the Lair.
  6874 | D:8      | Found a hide-covered altar of Uskayaw.
  7048 | D:8      | Found a blossoming altar of Fedhas.
  7118 | D:8      | Noticed qw's ghost (novice GrCA)
  7167 | D:8      | 7167 ||| PLANNING LAIR
  7167 | D:8      | 7167 ||| UPGRADING to +0 pair of gloves.
  7188 | Lair:1   | Entered Level 1 of the Lair of Beasts
  7204 | Lair:1   | Noticed a cane toad
  7205 | Lair:1   | 7205 ||| INVOKING Heroism.
  7212 | Lair:1   | Killed a cane toad
  7212 | Lair:1   | Reached *** piety under Okawaru
  7232 | Lair:1   | 7232 ||| INVOKING Heroism.
  7236 | Lair:1   | Noticed an elephant
  7237 | Lair:1   | Noticed an elephant
  7238 | Lair:1   | 7238 ||| Stepping ~*~*~tactically~*~*~ (stealth).
  7239 | Lair:1   | 7239 ||| Stepping ~*~*~tactically~*~*~ (stealth).
  7241 | Lair:1   | Noticed an elephant
  7242 | Lair:1   | 7242 ||| Stepping ~*~*~tactically~*~*~ (stealth).
  7243 | Lair:1   | Noticed an elephant
  7249 | Lair:1   | Killed an elephant
  7251 | Lair:1   | Noticed a black mamba
  7260 | Lair:1   | 7260 ||| INVOKING Heroism.
  7261 | Lair:1   | Killed an elephant
  7261 | Lair:1   | Killed a black mamba
  7262 | Lair:1   | Reached skill level 5 in Shields
  7262 | Lair:1   | Noticed an elephant
  7268 | Lair:1   | Killed an elephant
  7274 | Lair:1   | Killed an elephant
  7274 | Lair:1   | Reached **** piety under Okawaru
  7278 | Lair:1   | Noticed a cane toad
  7282 | Lair:1   | Killed an elephant
  7283 | Lair:1   | Reached XP level 11. HP: 46/69 MP: 14/14
  7293 | Lair:1   | 7293 ||| INVOKING Heroism.
  7435 | Lair:1   | 7435 ||| Stepping ~*~*~tactically~*~*~ (stealth).
  7438 | Lair:1   | 7438 ||| Stepping ~*~*~tactically~*~*~ (stealth).
  7455 | Lair:1   | Reached skill level 6 in Invocations
  7472 | Lair:1   | 7472 ||| Stepping ~*~*~tactically~*~*~ (stealth).
  7598 | Lair:1   | Noticed qw's ghost (novice GrFi)
  7599 | Lair:1   | Noticed a spriggan rider
  7599 | Lair:1   | Noticed a moth of wrath
  7602 | Lair:1   | 7602 ||| INVOKING Heroism.
  7602 | Lair:1   | Noticed a spriggan rider
  7641 | Lair:1   | Found a bloodstained altar of Trog.
  7644 | Lair:1   | 7644 ||| INVOKING Heroism.
  7660 | Lair:1   | Found a transporter.
  7694 | Lair:1   | Found a transporter.
  7797 | Lair:1   | 7797 ||| INVOKING Heroism.
  7842 | Lair:1   | Found the +8 whip "Snakebite" {venom, curare, rPois}
  7849 | Lair:1   | Reached skill level 9 in Fighting
  8001 | Lair:1   | 8001 ||| DROPPING +1 heavy mace.
  8107 | Lair:1   | Reached ***** piety under Okawaru
  8224 | Lair:1   | 8224 ||| INVOKING Heroism.
  8338 | Lair:1   | 8338 ||| UPGRADING to amulet of faith.
  8348 | Lair:1   | 8348 ||| READING scroll labelled NEGIGA SOMERCH.
  8349 | Lair:1   | 8349 ||| DRINKING 2 pink potions.
  8368 | Lair:2   | 8368 ||| INVOKING Heroism.
  8443 | Lair:2   | 8443 ||| Stepping ~*~*~tactically~*~*~ (stealth).
  8444 | Lair:2   | 8444 ||| Stepping ~*~*~tactically~*~*~ (stealth).
  8453 | Lair:2   | 8453 ||| INVOKING Heroism.
  8505 | Lair:2   | 8505 ||| Stepping ~*~*~tactically~*~*~ (stealth).
  8523 | Lair:2   | Received a gift from Okawaru
  8562 | Lair:2   | Noticed a boulder beetle
  8563 | Lair:2   | 8563 ||| INVOKING Heroism.
  8564 | Lair:2   | 8564 ||| INVOKING Finesse.
  8577 | Lair:2   | Killed a boulder beetle
  8578 | Lair:2   | Reached skill level 9 in Invocations
  8578 | Lair:2   | Reached XP level 12. HP: 74/76 MP: 11/18
  8677 | Lair:2   | 8677 ||| Stepping ~*~*~tactically~*~*~ (hiding).
  8811 | Lair:2   | Received a gift from Okawaru
  8879 | Lair:2   | Reached skill level 12 in Axes
  8934 | Lair:2   | 8934 ||| INVOKING Heroism.
  8935 | Lair:2   | 8935 ||| INVOKING Finesse.
  9182 | Lair:2   | Noticed a six-headed hydra
  9183 | Lair:2   | 9183 ||| INVOKING Heroism.
  9184 | Lair:2   | 9184 ||| INVOKING Finesse.
  9187 | Lair:2   | 9187 ||| SWAPPING to +0 flail.
  9191 | Lair:2   | Killed a six-headed hydra
  9192 | Lair:2   | 9192 ||| SWAPPING to +5 war axe.
  9687 | Lair:2   | 9687 ||| UPGRADING to ring of see invisible.
  9689 | Lair:2   | 9689 ||| UPGRADING to +6 ring of dexterity.
  9691 | Lair:2   | 9691 ||| DRINKING 2 ruby potions.
  9796 | Lair:2   | 9796 ||| DROPPING potion of berserk rage.
  9832 | Lair:3   | 9832 ||| Stepping ~*~*~tactically~*~*~ (hiding).
 10016 | Lair:3   | 10016 ||| READING scroll of enchant armour.
 10016 | Lair:3   | 10016 ||| ENCHANTING +0 pair of gloves.
 10021 | Lair:3   | 10021 ||| Stepping ~*~*~tactically~*~*~ (stealth).
 10039 | Lair:3   | Found a staircase to the Snake Pit.
 10164 | Lair:3   | 10164 ||| Stepping ~*~*~tactically~*~*~ (stealth).
 10166 | Lair:3   | 10166 ||| Stepping ~*~*~tactically~*~*~ (stealth).
 10167 | Lair:3   | 10167 ||| Stepping ~*~*~tactically~*~*~ (stealth).
 10178 | Lair:3   | Reached skill level 9 in Armour
 10245 | Lair:3   | Received a gift from Okawaru
 10249 | Lair:3   | 10249 ||| INVOKING Heroism.
 10253 | Lair:3   | Reached skill level 3 in Dodging
 10253 | Lair:3   | Noticed a death yak
 10254 | Lair:3   | 10254 ||| INVOKING Finesse.
 10255 | Lair:3   | Noticed a death yak
 10256 | Lair:3   | Reached skill level 6 in Shields
 10267 | Lair:3   | Killed a death yak
 10280 | Lair:3   | Killed a death yak
 10332 | Lair:3   | Noticed a death yak
 10333 | Lair:3   | 10333 ||| FLEEEEING.
 10334 | Lair:3   | 10334 ||| FLEEEEING.
 10335 | Lair:3   | 10335 ||| FLEEEEING.
 10336 | Lair:3   | 10336 ||| FLEEEEING.
 10337 | Lair:3   | 10337 ||| FLEEEEING.
 10338 | Lair:3   | 10338 ||| FLEEEEING.
 10339 | Lair:3   | 10339 ||| FLEEEEING.
 10340 | Lair:3   | 10340 ||| FLEEEEING.
 10346 | Lair:3   | 10346 ||| INVOKING Heroism.
 10346 | Lair:3   | Noticed a death yak
 10347 | Lair:3   | 10347 ||| INVOKING Finesse.
 10365 | Lair:3   | Killed a death yak
 10374 | Lair:3   | Killed a death yak
 10426 | Lair:3   | Found a staircase to the Swamp.
 10936 | Lair:3   | 10936 ||| DROPPING orb of energy.
 10937 | Lair:3   | 10937 ||| DROPPING orb of energy.
 10938 | Lair:3   | 10938 ||| READING scroll labelled DUGAUN PEST.
 10939 | Lair:3   | 10939 ||| READING 3 scrolls of identify.
 10939 | Lair:3   | 10939 ||| IDENTIFYING golden potion
 10940 | Lair:3   | 10940 ||| READING 2 scrolls of identify.
 10940 | Lair:3   | 10940 ||| IDENTIFYING amethyst potion
 10941 | Lair:3   | 10941 ||| DROPPING potion of brilliance.
 10942 | Lair:3   | 10942 ||| DROPPING potion of invisibility.
 11474 | Lair:4   | 11474 ||| INVOKING Heroism.
 11516 | Lair:4   | 11516 ||| Stepping ~*~*~tactically~*~*~ (stealth).
 11536 | Lair:4   | 11536 ||| INVOKING Heroism.
 11591 | Lair:4   | Reached XP level 13. HP: 82/82 MP: 20/20
 11633 | Lair:4   | 11633 ||| Stepping ~*~*~tactically~*~*~ (stealth).
 11703 | Lair:4   | 11703 ||| INVOKING Heroism.
 11911 | Lair:4   | 11911 ||| READING scroll labelled LONNOGUSKE.
 11912 | Lair:4   | 11912 ||| READING 2 scrolls of identify.
 11912 | Lair:4   | 11912 ||| IDENTIFYING fizzy dark potion
 11925 | Lair:5   | Entered Level 5 of the Lair of Beasts
 11926 | Lair:5   | 11926 ||| INVOKING Heroism.
 11944 | Lair:5   | Received a gift from Okawaru
 12029 | Lair:5   | 12029 ||| INVOKING Heroism.
 12094 | Lair:5   | Identified the +1 shadow dragon scales of Okawaru's Reproof
                  | {Str+6 Dex+3 Stlth++++} (Okawaru gifted it to you on level
                  | 5 of the Lair of Beasts)
 12094 | Lair:5   | Received a gift from Okawaru
 12130 | Lair:5   | 12130 ||| INVOKING Heroism.
 12175 | Lair:5   | 12175 ||| Stepping ~*~*~tactically~*~*~ (stealth).
 12176 | Lair:5   | 12176 ||| Stepping ~*~*~tactically~*~*~ (stealth).
 12181 | Lair:5   | 12181 ||| Stepping ~*~*~tactically~*~*~ (stealth).
 12188 | Lair:5   | Reached ****** piety under Okawaru
 12230 | Lair:5   | Noticed a dire elephant
 12230 | Lair:5   | Noticed a dire elephant
 12230 | Lair:5   | Noticed a dire elephant
 12230 | Lair:5   | Noticed a dire elephant
 12231 | Lair:5   | 12231 ||| INVOKING Heroism.
 12246 | Lair:5   | HP: 18/83 [dire elephant (3)]
 12247 | Lair:5   | 12247 ||| READING 8 scrolls of teleportation.
 12248 | Lair:5   | 12248 ||| DRINKING 4 potions of heal wounds.
 12306 | Lair:5   | 12306 ||| INVOKING Heroism.
 12337 | Lair:5   | 12337 ||| INVOKING Heroism.
 12417 | Lair:5   | Reached skill level 7 in Shields
 12482 | Lair:5   | 12482 ||| DROPPING +0 flail.
 12490 | Lair:5   | 12490 ||| Stepping ~*~*~tactically~*~*~ (stealth).
 12505 | Lair:5   | 12505 ||| INVOKING Heroism.
 12551 | Lair:5   | 12551 ||| Stepping ~*~*~tactically~*~*~ (stealth).
 12579 | Lair:5   | 12579 ||| Stepping ~*~*~tactically~*~*~ (stealth).
 12718 | Lair:5   | 12718 ||| INVOKING Heroism.
 12719 | Lair:5   | 12719 ||| INVOKING Finesse.
 12724 | Lair:5   | 12724 ||| SWAPPING to +0 morningstar.
 12734 | Lair:5   | 12734 ||| SWAPPING to +6 war axe.
 12861 | Lair:5   | Found a viscous altar of Jiyva.
 12861 | Lair:5   | Found a staircase to the Slime Pits.
 12892 | Lair:5   | 12892 ||| INVOKING Heroism.
 13095 | Lair:5   | 13095 ||| INVOKING Heroism.
 13110 | Lair:5   | Killed a dire elephant
 13111 | Lair:5   | Reached skill level 15 in Axes
 13205 | Lair:5   | 13205 ||| INVOKING Heroism.
 13206 | Lair:5   | 13206 ||| INVOKING Finesse.
 13209 | Lair:5   | Received a gift from Okawaru
 13210 | Lair:5   | Gained mutation: Your large and strong wings let you fly.
                  | [Gargoyle growth]
 13210 | Lair:5   | Reached XP level 14. HP: 90/90 MP: 13/21
 13265 | Lair:5   | 13265 ||| SWAPPING to +2 vampiric broad axe.
 13266 | Lair:5   | 13266 ||| DROPPING +6 war axe.
 13325 | Lair:5   | 13325 ||| INVOKING Heroism.
 13326 | Lair:5   | 13326 ||| INVOKING Finesse.
 13368 | Lair:5   | 13368 ||| INVOKING Heroism.
 13451 | Lair:5   | 13451 ||| Stepping ~*~*~tactically~*~*~ (hiding).
 13452 | Lair:5   | 13452 ||| INVOKING Heroism.
 13466 | Lair:5   | HP: 16/90 [dire elephant (9)]
 13467 | Lair:5   | 13467 ||| READING 7 scrolls of teleportation.
 13468 | Lair:5   | 13468 ||| DRINKING 3 potions of heal wounds.
 13543 | Lair:5   | 13543 ||| FLEEEEING.
 13544 | Lair:5   | 13544 ||| FLEEEEING.
 13545 | Lair:5   | 13545 ||| FLEEEEING.
 13546 | Lair:5   | 13546 ||| INVOKING Heroism.
 13561 | Lair:5   | Killed a dire elephant
 13570 | Lair:5   | Noticed a dire elephant
 13581 | Lair:5   | 13581 ||| INVOKING Heroism.
 13589 | Lair:5   | Killed a dire elephant
 13694 | Lair:5   | 13694 ||| Stepping ~*~*~tactically~*~*~ (stealth).
 13714 | Lair:5   | 13714 ||| Stepping ~*~*~tactically~*~*~ (stealth).
 13738 | Lair:5   | 13738 ||| INVOKING Heroism.
 13754 | Lair:5   | Killed a dire elephant
 13772 | Lair:5   | Killed a dire elephant
 13773 | Lair:5   | Reached skill level 12 in Fighting
 13775 | Lair:5   | HP: 19/92 [dire elephant simulacrum[a necromancer] (24)]
 13776 | Lair:5   | 13776 ||| READING 6 scrolls of teleportation.
 13777 | Lair:5   | 13777 ||| DRINKING 2 potions of heal wounds.
 13858 | Lair:5   | Received a gift from Okawaru
 13916 | Lair:5   | Received a gift from Okawaru
 13927 | Lair:5   | Reached skill level 3 in Throwing
 13932 | Lair:5   | 13932 ||| PLANNING D:1-11
 13932 | Lair:5   | 13932 ||| UPGRADING to +1 shadow dragon scales of Okawaru's
                  | Reproof {Str+6 Dex+3 Stlth++++}.
 13942 | Lair:5   | 13942 ||| DROPPING +0 plate armour.
 14006 | Lair:5   | 14006 ||| DROPPING ring of wizardry.
 14007 | Lair:5   | 14007 ||| DROPPING ring of willpower.
 14008 | Lair:5   | 14008 ||| UPGRADING to +6 ring of strength.
 14142 | D:9      | Found a sparkling altar of Nemelex Xobeh.
 14146 | D:9      | Received a gift from Okawaru
 14157 | D:9      | 14157 ||| Stepping ~*~*~tactically~*~*~ (stealth).
 14158 | D:9      | Found an ancient bone altar of Kikubaaqudgha.
 14159 | D:9      | 14159 ||| Stepping ~*~*~tactically~*~*~ (stealth).
 14161 | D:9      | 14161 ||| Stepping ~*~*~tactically~*~*~ (stealth).
 14163 | D:9      | 14163 ||| Stepping ~*~*~tactically~*~*~ (stealth).
 14169 | D:9      | Found a stormy altar of Qazlal.
 14408 | D:9      | 14408 ||| Stepping ~*~*~tactically~*~*~ (hiding).
 14409 | D:9      | 14409 ||| Stepping ~*~*~tactically~*~*~ (hiding).
 14594 | D:9      | 14594 ||| Stepping ~*~*~tactically~*~*~ (stealth).
 14595 | D:9      | 14595 ||| Stepping ~*~*~tactically~*~*~ (stealth).
 14637 | D:9      | Found a basalt altar of Yredelemnul.
 14741 | D:9      | 14741 ||| READING scroll labelled FEGUMA NAICWOCH.
 14742 | D:9      | 14742 ||| READING 3 scrolls of identify.
 14742 | D:9      | 14742 ||| IDENTIFYING smoky purple potion
 14743 | D:9      | 14743 ||| DROPPING potion of flight.
 14772 | D:10     | Entered Level 10 of the Dungeon
 14790 | D:10     | 14790 ||| Stepping ~*~*~tactically~*~*~ (stealth).
 14792 | D:10     | 14792 ||| Stepping ~*~*~tactically~*~*~ (stealth).
 14794 | D:10     | 14794 ||| Stepping ~*~*~tactically~*~*~ (stealth).
 14839 | D:10     | 14839 ||| Stepping ~*~*~tactically~*~*~ (hiding).
 14841 | D:10     | 14841 ||| Stepping ~*~*~tactically~*~*~ (hiding).
 15038 | D:10     | 15038 ||| Stepping ~*~*~tactically~*~*~ (stealth).
 15043 | D:10     | 15043 ||| Stepping ~*~*~tactically~*~*~ (hiding).
 15086 | D:10     | 15086 ||| DROPPING amulet of guardian spirit.
 15087 | D:10     | 15087 ||| FLEEEEING.
 15098 | D:10     | Found a staircase to the Orcish Mines.
 15099 | D:10     | 15099 ||| Stepping ~*~*~tactically~*~*~ (hiding).
 15299 | D:10     | Noticed Maggie
 15330 | D:10     | Killed Maggie
 15357 | D:10     | Found a shimmering altar of Xom.
 15417 | D:10     | 15417 ||| READING scroll of enchant weapon.
 15417 | D:10     | 15417 ||| ENCHANTING +2 vampiric broad axe.
 15560 | D:10     | 15560 ||| READING 2 scrolls of identify.
 15560 | D:10     | 15560 ||| IDENTIFYING glowing clear potion
 15787 | D:11     | 15787 ||| Stepping ~*~*~tactically~*~*~ (hiding).
 15946 | D:11     | 15946 ||| Stepping ~*~*~tactically~*~*~ (stealth).
 15948 | D:11     | 15948 ||| Stepping ~*~*~tactically~*~*~ (stealth).
 15950 | D:11     | 15950 ||| Stepping ~*~*~tactically~*~*~ (stealth).
 15952 | D:11     | 15952 ||| Stepping ~*~*~tactically~*~*~ (stealth).
 15958 | D:11     | 15958 ||| Stepping ~*~*~tactically~*~*~ (stealth).
 15959 | D:11     | 15959 ||| Stepping ~*~*~tactically~*~*~ (stealth).
 15960 | D:11     | 15960 ||| Stepping ~*~*~tactically~*~*~ (stealth).
 15966 | D:11     | 15966 ||| Stepping ~*~*~tactically~*~*~ (stealth).
 15968 | D:11     | 15968 ||| Stepping ~*~*~tactically~*~*~ (stealth).
 15970 | D:11     | 15970 ||| Stepping ~*~*~tactically~*~*~ (stealth).
 15972 | D:11     | 15972 ||| Stepping ~*~*~tactically~*~*~ (hiding).
 15997 | D:11     | Noticed Sonja
 15998 | D:11     | 15998 ||| Stepping ~*~*~tactically~*~*~ (stealth).
 16000 | D:11     | 16000 ||| Stepping ~*~*~tactically~*~*~ (stealth).
 16002 | D:11     | 16002 ||| Stepping ~*~*~tactically~*~*~ (hiding).
 16003 | D:11     | 16003 ||| INVOKING Finesse.
 16006 | Abyss:1  | Cast into level 1 of the Abyss (Sonja)
 16013 | Abyss:1  | 16013 ||| Stepping ~*~*~tactically~*~*~ (stealth).
 16028 | Abyss:1  | 16028 ||| Stepping ~*~*~tactically~*~*~ (stealth).
 16035 | Abyss:1  | 16035 ||| Stepping ~*~*~tactically~*~*~ (stealth).
 16056 | Abyss:1  | Found a corrupted altar of Lugonu.
 16072 | Abyss:1  | 16072 ||| Stepping ~*~*~tactically~*~*~ (stealth).
 16077 | Abyss:1  | 16077 ||| Stepping ~*~*~tactically~*~*~ (stealth).
 16081 | Abyss:1  | 16081 ||| Stepping ~*~*~tactically~*~*~ (stealth).
 16084 | Abyss:1  | 16084 ||| Stepping ~*~*~tactically~*~*~ (stealth).
 16087 | Abyss:1  | 16087 ||| Stepping ~*~*~tactically~*~*~ (stealth).
 16089 | Abyss:1  | 16089 ||| Stepping ~*~*~tactically~*~*~ (stealth).
 16090 | Abyss:1  | 16090 ||| Stepping ~*~*~tactically~*~*~ (stealth).
 16092 | Abyss:1  | 16092 ||| Stepping ~*~*~tactically~*~*~ (stealth).
 16094 | Abyss:1  | 16094 ||| Stepping ~*~*~tactically~*~*~ (stealth).
 16097 | Abyss:1  | 16097 ||| Stepping ~*~*~tactically~*~*~ (stealth).
 16098 | Abyss:1  | 16098 ||| Stepping ~*~*~tactically~*~*~ (stealth).
 16104 | Abyss:1  | Noticed a white draconian stormcaller
 16110 | Abyss:1  | 16110 ||| Stepping ~*~*~tactically~*~*~ (hiding).
 16111 | Abyss:1  | 16111 ||| Stepping ~*~*~tactically~*~*~ (hiding).
 16112 | Abyss:1  | 16112 ||| Stepping ~*~*~tactically~*~*~ (hiding).
 16115 | Abyss:1  | 16115 ||| INVOKING Heroism.
 16120 | Abyss:1  | Killed a white draconian stormcaller
 16123 | Abyss:1  | Reached skill level 6 in Throwing
 16193 | Abyss:1  | 16193 ||| Stepping ~*~*~tactically~*~*~ (stealth).
 16197 | Abyss:1  | 16197 ||| Stepping ~*~*~tactically~*~*~ (stealth).
 16211 | Abyss:1  | 16211 ||| Stepping ~*~*~tactically~*~*~ (stealth).
 16227 | Abyss:1  | 16227 ||| Stepping ~*~*~tactically~*~*~ (stealth).
 16245 | Abyss:1  | Noticed a starcursed mass
 16258 | Abyss:1  | 16258 ||| INVOKING Heroism.
 16262 | Abyss:1  | Received a gift from Okawaru
 16263 | Abyss:1  | 16263 ||| Stepping ~*~*~tactically~*~*~ (hiding).
 16277 | Abyss:1  | Noticed a balrug
 16279 | Abyss:1  | 16279 ||| Stepping ~*~*~tactically~*~*~ (hiding).
 16282 | Abyss:1  | 16282 ||| Stepping ~*~*~tactically~*~*~ (hiding).
 16286 | Abyss:1  | 16286 ||| INVOKING Finesse.
 16293 | Abyss:1  | Noticed a tentacled starspawn
 16294 | Abyss:1  | Killed a balrug
 16299 | Abyss:1  | 16299 ||| INVOKING Heroism.
 16303 | Abyss:1  | Received a gift from Okawaru
 16305 | Abyss:1  | HP: 23/92 [sun demon[a balrug] (16)]
 16306 | D:11     | Escaped the Abyss
 16307 | D:11     | 16307 ||| READING 7 scrolls of teleportation.
 16308 | D:11     | 16308 ||| DRINKING potion of heal wounds.
 16312 | D:11     | Reached XP level 15. HP: 27/96 MP: 16/22
 16315 | D:11     | Killed a tentacled starspawn
 16317 | D:11     | Reached skill level 8 in Shields
 16414 | D:11     | Noticed Psyche
 16415 | D:11     | 16415 ||| Stepping ~*~*~tactically~*~*~ (stealth).
 16430 | D:11     | Killed Psyche
 16446 | D:11     | 16446 ||| Stepping ~*~*~tactically~*~*~ (stealth).
 16448 | D:11     | 16448 ||| INVOKING Finesse.
 16450 | D:11     | Killed Sonja
 16811 | D:11     | 16811 ||| PLANNING D
 16811 | D:11     | 16811 ||| UPGRADING to +0 cloak.
 16902 | D:12     | 16902 ||| Stepping ~*~*~tactically~*~*~ (stealth).
 16903 | D:12     | 16903 ||| Stepping ~*~*~tactically~*~*~ (stealth).
 16924 | D:12     | 16924 ||| Stepping ~*~*~tactically~*~*~ (stealth).
 17026 | D:12     | 17026 ||| Stepping ~*~*~tactically~*~*~ (hiding).
 17232 | D:12     | 17232 ||| Stepping ~*~*~tactically~*~*~ (stealth).
 17347 | D:12     | Noticed Nessos
 17348 | D:12     | 17348 ||| Stepping ~*~*~tactically~*~*~ (stealth).
 17351 | D:12     | 17351 ||| Stepping ~*~*~tactically~*~*~ (stealth).
 17353 | D:12     | 17353 ||| INVOKING Finesse.
 17354 | D:12     | 17354 ||| INVOKING Finesse.
 17360 | D:12     | 17360 ||| Stepping ~*~*~tactically~*~*~ (hiding).
 17361 | D:12     | 17361 ||| INVOKING Heroism.
 17370 | D:12     | Killed Nessos
 17371 | D:12     | Reached skill level 12 in Armour
 17568 | D:12     | 17568 ||| Stepping ~*~*~tactically~*~*~ (hiding).
 17570 | D:12     | 17570 ||| Stepping ~*~*~tactically~*~*~ (hiding).
 17744 | D:12     | 17744 ||| READING 2 scrolls of identify.
 17744 | D:12     | 17744 ||| IDENTIFYING bubbling purple potion
 17745 | D:12     | 17745 ||| DROPPING potion of ambrosia.
 17815 | D:13     | 17815 ||| Stepping ~*~*~tactically~*~*~ (stealth).
 18055 | D:13     | 18055 ||| Stepping ~*~*~tactically~*~*~ (stealth).
 18057 | D:13     | 18057 ||| Stepping ~*~*~tactically~*~*~ (stealth).
 18059 | D:13     | 18059 ||| Stepping ~*~*~tactically~*~*~ (hiding).
 18178 | D:13     | 18178 ||| Stepping ~*~*~tactically~*~*~ (stealth).
 18179 | D:13     | 18179 ||| Stepping ~*~*~tactically~*~*~ (stealth).
 18180 | D:13     | 18180 ||| Stepping ~*~*~tactically~*~*~ (stealth).
 18184 | D:13     | 18184 ||| Stepping ~*~*~tactically~*~*~ (hiding).
 18185 | D:13     | 18185 ||| Stepping ~*~*~tactically~*~*~ (hiding).
 18356 | D:13     | 18356 ||| Stepping ~*~*~tactically~*~*~ (stealth).
 18372 | D:13     | 18372 ||| Stepping ~*~*~tactically~*~*~ (stealth).
 18374 | D:13     | 18374 ||| Stepping ~*~*~tactically~*~*~ (hiding).
 18380 | D:13     | 18380 ||| Stepping ~*~*~tactically~*~*~ (hiding).
 18492 | D:13     | 18492 ||| READING scroll of enchant armour.
 18492 | D:13     | 18492 ||| ENCHANTING +1 pair of gloves.
 18603 | D:13     | 18603 ||| Stepping ~*~*~tactically~*~*~ (stealth).
 18612 | D:13     | Received a gift from Okawaru
 18628 | D:13     | 18628 ||| Stepping ~*~*~tactically~*~*~ (stealth).
 18630 | D:13     | 18630 ||| Stepping ~*~*~tactically~*~*~ (hiding).
 18631 | D:13     | 18631 ||| Stepping ~*~*~tactically~*~*~ (hiding).
 18636 | D:13     | 18636 ||| INVOKING Heroism.
 18637 | D:13     | 18637 ||| INVOKING Finesse.
 18703 | D:13     | Found a gate to the Vaults.
 18793 | D:14     | 18793 ||| FLEEEEING.
 18794 | D:14     | 18794 ||| STAIRDANCE
 18933 | D:14     | Noticed Frances
 18934 | D:14     | 18934 ||| Stepping ~*~*~tactically~*~*~ (stealth).
 18936 | D:14     | 18936 ||| Stepping ~*~*~tactically~*~*~ (hiding).
 18937 | D:14     | 18937 ||| Stepping ~*~*~tactically~*~*~ (hiding).
 18939 | D:14     | 18939 ||| INVOKING Heroism.
 18940 | D:14     | 18940 ||| INVOKING Finesse.
 18949 | D:14     | Killed Frances
 19051 | D:14     | Noticed Azrael
 19052 | D:14     | 19052 ||| INVOKING Heroism.
 19053 | D:14     | 19053 ||| INVOKING Finesse.
 19054 | D:14     | Received a gift from Okawaru
 19087 | D:14     | Killed Azrael
 19198 | D:14     | Found a shimmering blue altar of Sif Muna.
 19327 | D:14     | 19327 ||| DROPPING scarf of harm.
 19328 | D:14     | 19328 ||| DROPPING +6 ring of dexterity.
 19329 | D:14     | 19329 ||| UPGRADING to +4 ring of slaying {mikee}.
 19331 | D:14     | 19331 ||| DROPPING +6 ring of strength.
 19336 | D:15     | Entered Level 15 of the Dungeon
 19345 | D:15     | 19345 ||| INVOKING Heroism.
 19346 | D:15     | 19346 ||| INVOKING Finesse.
 19355 | D:15     | 19355 ||| SWAPPING to +0 morningstar.
 19361 | D:15     | 19361 ||| SWAPPING to +3 vampiric broad axe.
 19367 | D:15     | 19367 ||| Stepping ~*~*~tactically~*~*~ (hiding).
 19547 | D:15     | 19547 ||| INVOKING Heroism.
 19552 | D:15     | 19552 ||| SWAPPING to +0 morningstar.
 19560 | D:15     | 19560 ||| SWAPPING to +3 vampiric broad axe.
 19571 | D:15     | 19571 ||| Stepping ~*~*~tactically~*~*~ (hiding).
 19573 | D:15     | 19573 ||| Stepping ~*~*~tactically~*~*~ (hiding).
 19593 | D:15     | 19593 ||| INVOKING Heroism.
 19622 | D:15     | Reached XP level 16. HP: 104/104 MP: 23/23
 19683 | D:15     | Found a staircase to the Depths.
 19927 | D:15     | 19927 ||| INVOKING Heroism.
 19986 | D:15     | 19986 ||| PLANNING ORC
 19986 | D:15     | 19986 ||| READING scroll labelled QASAYM DYITAO.
 20170 | Orc:1    | Entered Level 1 of the Orcish Mines
 20170 | Orc:1    | Noticed Urug
 20171 | Orc:1    | 20171 ||| INVOKING Heroism.
 20186 | Orc:1    | Killed Urug
 20218 | Orc:1    | 20218 ||| Stepping ~*~*~tactically~*~*~ (stealth).
 20220 | Orc:1    | 20220 ||| Stepping ~*~*~tactically~*~*~ (stealth).
 20223 | Orc:1    | 20223 ||| Stepping ~*~*~tactically~*~*~ (hiding).
 20231 | Orc:1    | 20231 ||| Stepping ~*~*~tactically~*~*~ (stealth).
 20245 | Orc:1    | 20245 ||| INVOKING Heroism.
 20258 | Orc:1    | 20258 ||| DRINKING 2 potions of cancellation.
 20299 | Orc:1    | 20299 ||| Stepping ~*~*~tactically~*~*~ (stealth).
 20303 | Orc:1    | 20303 ||| Stepping ~*~*~tactically~*~*~ (hiding).
 20309 | Orc:1    | 20309 ||| Stepping ~*~*~tactically~*~*~ (stealth).
 20310 | Orc:1    | 20310 ||| Stepping ~*~*~tactically~*~*~ (stealth).
 20312 | Orc:1    | 20312 ||| Stepping ~*~*~tactically~*~*~ (stealth).
 20313 | Orc:1    | 20313 ||| Stepping ~*~*~tactically~*~*~ (stealth).
 20316 | Orc:1    | 20316 ||| Stepping ~*~*~tactically~*~*~ (stealth).
 20318 | Orc:1    | 20318 ||| Stepping ~*~*~tactically~*~*~ (stealth).
 20322 | Orc:1    | 20322 ||| Stepping ~*~*~tactically~*~*~ (hiding).
 20323 | Orc:1    | 20323 ||| Stepping ~*~*~tactically~*~*~ (hiding).
 20522 | Orc:1    | 20522 ||| Stepping ~*~*~tactically~*~*~ (stealth).
 20523 | Orc:1    | Noticed Snorg
 20531 | Orc:1    | 20531 ||| INVOKING Heroism.
 20536 | Orc:1    | Killed Snorg
 20569 | Orc:1    | 20569 ||| INVOKING Heroism.
 20571 | Orc:1    | Received a gift from Okawaru
 20663 | Orc:2    | Entered Level 2 of the Orcish Mines
 20667 | Orc:2    | Found a staircase to the Elven Halls.
 20691 | Orc:1    | 20691 ||| INVOKING Heroism.
 20884 | Orc:2    | 20884 ||| Stepping ~*~*~tactically~*~*~ (stealth).
 20886 | Orc:2    | 20886 ||| Stepping ~*~*~tactically~*~*~ (stealth).
 20888 | Orc:2    | 20888 ||| Stepping ~*~*~tactically~*~*~ (stealth).
 20890 | Orc:2    | 20890 ||| Stepping ~*~*~tactically~*~*~ (stealth).
 20897 | Orc:2    | 20897 ||| INVOKING Heroism.
 20950 | Orc:2    | Found Guetyw's General Store.
 20951 | Orc:2    | Found Visuepy's General Store.
 20952 | Orc:2    | 20952 ||| INVOKING Heroism.
 20972 | Orc:2    | Received a gift from Okawaru
 20998 | Orc:2    | 20998 ||| BUYING +4 plate armour of cold resistance (650
                  | gold).
 20998 | Orc:2    | Bought a +4 plate armour of cold resistance for 650 gold
                  | pieces
 20998 | Orc:2    | 20998 ||| SHOPLISTING 2 scrolls of acquirement (1352 gold,
                  | have 1053).
 20998 | Orc:2    | 20998 ||| BUYING scroll of acquirement (676 gold).
 20998 | Orc:2    | Bought a scroll of acquirement for 676 gold pieces
 20998 | Orc:2    | 20998 ||| READING scroll of acquirement.
 20998 | Orc:2    | 20998 ||| ACQUIRING ring of Qidorphull {rCorr Int+6 Dex+2}
 20998 | Orc:2    | Acquired the ring of Qidorphull {rCorr Int+6 Dex+2}
 21002 | Orc:2    | 21002 ||| BUYING +1 morningstar of freezing (213 gold).
 21002 | Orc:2    | Bought a +1 morningstar of freezing for 213 gold pieces
 21002 | Orc:2    | 21002 ||| BUYING 2 scrolls of identify (60 gold).
 21002 | Orc:2    | Bought 2 scrolls of identify for 60 gold pieces
 21002 | Orc:2    | 21002 ||| BUYING potion of curing (45 gold).
 21002 | Orc:2    | Bought a potion of curing for 45 gold pieces
 21002 | Orc:2    | 21002 ||| BUYING potion of lignification (45 gold).
 21002 | Orc:2    | Bought a potion of lignification for 45 gold pieces
 21002 | Orc:2    | 21002 ||| SHOPLISTING scroll of identify (30 gold, have
                  | 14).
 21002 | Orc:2    | 21002 ||| DROPPING +0 morningstar.
 21015 | Orc:2    | 21015 ||| Stepping ~*~*~tactically~*~*~ (stealth).
 21019 | Orc:2    | 21019 ||| Stepping ~*~*~tactically~*~*~ (stealth).
 21020 | Orc:2    | 21020 ||| Stepping ~*~*~tactically~*~*~ (stealth).
 21031 | Orc:2    | 21031 ||| INVOKING Heroism.
 21034 | Orc:2    | 21034 ||| Stepping ~*~*~tactically~*~*~ (stealth).
 21268 | Orc:2    | 21268 ||| Stepping ~*~*~tactically~*~*~ (stealth).
 21270 | Orc:2    | 21270 ||| Stepping ~*~*~tactically~*~*~ (stealth).
 21272 | Orc:2    | 21272 ||| Stepping ~*~*~tactically~*~*~ (stealth).
 21274 | Orc:2    | 21274 ||| Stepping ~*~*~tactically~*~*~ (hiding).
 21275 | Orc:2    | 21275 ||| Stepping ~*~*~tactically~*~*~ (hiding).
 21286 | Orc:2    | 21286 ||| Stepping ~*~*~tactically~*~*~ (hiding).
 21290 | Orc:2    | 21290 ||| Stepping ~*~*~tactically~*~*~ (stealth).
 21296 | Orc:2    | 21296 ||| Stepping ~*~*~tactically~*~*~ (hiding).
 21305 | Orc:2    | 21305 ||| Stepping ~*~*~tactically~*~*~ (hiding).
 21331 | Orc:2    | 21331 ||| DROPPING +1 morningstar of freezing.
 21502 | Orc:2    | 21502 ||| Stepping ~*~*~tactically~*~*~ (stealth).
 21505 | Orc:2    | 21505 ||| Stepping ~*~*~tactically~*~*~ (stealth).
 21517 | Orc:2    | 21517 ||| Stepping ~*~*~tactically~*~*~ (stealth).
 21520 | Orc:2    | 21520 ||| Stepping ~*~*~tactically~*~*~ (hiding).
 21523 | Orc:2    | 21523 ||| INVOKING Heroism.
 21526 | Orc:2    | 21526 ||| Stepping ~*~*~tactically~*~*~ (hiding).
 21550 | Orc:2    | 21550 ||| Stepping ~*~*~tactically~*~*~ (hiding).
 21552 | Orc:2    | 21552 ||| Stepping ~*~*~tactically~*~*~ (hiding).
 21556 | Orc:2    | Reached skill level 18 in Axes
 21581 | Orc:2    | 21581 ||| INVOKING Heroism.
 21615 | Orc:2    | 21615 ||| Stepping ~*~*~tactically~*~*~ (stealth).
 21623 | Orc:2    | 21623 ||| Stepping ~*~*~tactically~*~*~ (stealth).
 21628 | Orc:2    | 21628 ||| Stepping ~*~*~tactically~*~*~ (hiding).
 21634 | Orc:2    | Reached skill level 9 in Shields
 21667 | Orc:2    | Found Tum Duawa's Antique Weapon Emporium.
 21667 | Orc:2    | Found Diweosch's Jewellery Shoppe.
 21668 | Orc:2    | 21668 ||| Stepping ~*~*~tactically~*~*~ (stealth).
 21669 | Orc:2    | 21669 ||| INVOKING Heroism.
 21676 | Orc:2    | Found a one-way gate leading to the halls of Pandemonium.
 21688 | Orc:2    | 21688 ||| BUYING runed war axe (214 gold).
 21688 | Orc:2    | Bought a runed war axe for 214 gold pieces
 21688 | Orc:2    | 21688 ||| DROPPING +2 heavy war axe.
 21691 | Orc:2    | 21691 ||| SHOPLISTING ring of ice (325 gold, have 182).
 21693 | Orc:2    | 21693 ||| INVOKING Heroism.
 21843 | Orc:2    | 21843 ||| PLANNING SNAKE:1-3
 22024 | Snake:1  | Entered Level 1 of the Snake Pit
 22028 | Snake:1  | 22028 ||| Stepping ~*~*~tactically~*~*~ (hiding).
 22052 | Snake:1  | 22052 ||| Stepping ~*~*~tactically~*~*~ (stealth).
 22082 | Snake:1  | 22082 ||| Stepping ~*~*~tactically~*~*~ (stealth).
 22084 | Snake:1  | 22084 ||| Stepping ~*~*~tactically~*~*~ (stealth).
 22115 | Snake:1  | 22115 ||| Stepping ~*~*~tactically~*~*~ (hiding).
 22118 | Snake:1  | 22118 ||| Stepping ~*~*~tactically~*~*~ (hiding).
 22120 | Snake:1  | 22120 ||| Stepping ~*~*~tactically~*~*~ (hiding).
 22121 | Snake:1  | 22121 ||| Stepping ~*~*~tactically~*~*~ (hiding).
 22122 | Snake:1  | 22122 ||| Stepping ~*~*~tactically~*~*~ (stealth).
 22123 | Snake:1  | 22123 ||| Stepping ~*~*~tactically~*~*~ (hiding).
 22196 | Snake:1  | 22196 ||| Stepping ~*~*~tactically~*~*~ (hiding).
 22198 | Snake:1  | 22198 ||| Stepping ~*~*~tactically~*~*~ (hiding).
 22200 | Snake:1  | 22200 ||| Stepping ~*~*~tactically~*~*~ (hiding).
 22241 | Snake:1  | 22241 ||| Stepping ~*~*~tactically~*~*~ (stealth).
 22273 | Snake:1  | Received a gift from Okawaru
 22288 | Snake:1  | 22288 ||| Stepping ~*~*~tactically~*~*~ (stealth).
 22290 | Snake:1  | 22290 ||| INVOKING Heroism.
 22297 | Snake:1  | Noticed Aizul
 22298 | Snake:1  | 22298 ||| INVOKING Finesse.
 22325 | Snake:1  | Killed Aizul
 22358 | Snake:1  | 22358 ||| Stepping ~*~*~tactically~*~*~ (hiding).
 22379 | Snake:1  | 22379 ||| Stepping ~*~*~tactically~*~*~ (hiding).
 22381 | Snake:1  | 22381 ||| INVOKING Heroism.
 22390 | Snake:1  | Received a gift from Okawaru
 22399 | Snake:1  | 22399 ||| Stepping ~*~*~tactically~*~*~ (stealth).
 22404 | Snake:1  | 22404 ||| Stepping ~*~*~tactically~*~*~ (stealth).
 22406 | Snake:1  | 22406 ||| Stepping ~*~*~tactically~*~*~ (hiding).
 22829 | Snake:1  | 22829 ||| Stepping ~*~*~tactically~*~*~ (stealth).
 22831 | Snake:1  | 22831 ||| Stepping ~*~*~tactically~*~*~ (stealth).
 22833 | Snake:1  | 22833 ||| Stepping ~*~*~tactically~*~*~ (stealth).
 22835 | Snake:1  | 22835 ||| Stepping ~*~*~tactically~*~*~ (stealth).
 22837 | Snake:1  | 22837 ||| Stepping ~*~*~tactically~*~*~ (stealth).
 22839 | Snake:1  | 22839 ||| Stepping ~*~*~tactically~*~*~ (stealth).
 22848 | Snake:1  | You are sucked into a shaft and drop 1 floor!
 22855 | Snake:2  | Received a gift from Okawaru
 22959 | Snake:2  | 22959 ||| INVOKING Heroism.
 22967 | Snake:2  | Reached XP level 17. HP: 99/111 MP: 22/24
 23008 | Snake:2  | 23008 ||| Stepping ~*~*~tactically~*~*~ (stealth).
 23025 | Snake:2  | 23025 ||| INVOKING Heroism.
 23126 | Snake:2  | 23126 ||| Stepping ~*~*~tactically~*~*~ (hiding).
 23127 | Snake:2  | 23127 ||| Stepping ~*~*~tactically~*~*~ (hiding).
 23153 | Snake:2  | Identified the +0 chain mail of Loss {SInv} (Okawaru gifted
                  | it to you on level 2 of the Snake Pit)
 23153 | Snake:2  | Received a gift from Okawaru
 23178 | Snake:2  | 23178 ||| Stepping ~*~*~tactically~*~*~ (stealth).
 23252 | Snake:2  | 23252 ||| UPGRADING to +0 kite shield.
 23262 | Snake:2  | 23262 ||| DROPPING +0 buckler.
 23263 | Snake:2  | 23263 ||| UPGRADING to +1 cloak.
 23273 | Snake:2  | 23273 ||| DROPPING +0 cloak.
 23274 | Snake:2  | 23274 ||| UPGRADING to +2 tower shield of protection.
 23284 | Snake:2  | 23284 ||| DROPPING +0 kite shield.
 23331 | Snake:1  | 23331 ||| Stepping ~*~*~tactically~*~*~ (stealth).
 23337 | Snake:1  | 23337 ||| Stepping ~*~*~tactically~*~*~ (stealth).
 23339 | Snake:1  | 23339 ||| Stepping ~*~*~tactically~*~*~ (stealth).
 23341 | Snake:1  | 23341 ||| Stepping ~*~*~tactically~*~*~ (stealth).
 23497 | Snake:1  | 23497 ||| Stepping ~*~*~tactically~*~*~ (stealth).
 23500 | Snake:1  | 23500 ||| Stepping ~*~*~tactically~*~*~ (stealth).
 23502 | Snake:1  | 23502 ||| Stepping ~*~*~tactically~*~*~ (stealth).
 23504 | Snake:1  | 23504 ||| Stepping ~*~*~tactically~*~*~ (stealth).
 23506 | Snake:1  | 23506 ||| Stepping ~*~*~tactically~*~*~ (stealth).
 23539 | Snake:1  | 23539 ||| Stepping ~*~*~tactically~*~*~ (stealth).
 23541 | Snake:1  | 23541 ||| Stepping ~*~*~tactically~*~*~ (stealth).
 23543 | Snake:1  | 23543 ||| Stepping ~*~*~tactically~*~*~ (stealth).
 23554 | Snake:1  | 23554 ||| Stepping ~*~*~tactically~*~*~ (hiding).
 23557 | Snake:1  | 23557 ||| Stepping ~*~*~tactically~*~*~ (hiding).
 23560 | Snake:1  | 23560 ||| Stepping ~*~*~tactically~*~*~ (hiding).
 23979 | Snake:1  | 23979 ||| Stepping ~*~*~tactically~*~*~ (hiding).
 24088 | Snake:1  | Found Gisin's Book Emporium.
 24089 | Snake:1  | Found Beiddayn's Jewellery Shop.
 24091 | Snake:1  | Found Bimam's Book Emporium.
 24099 | Snake:1  | 24099 ||| SHOPLISTING ring "Qinimer" {Fire *Corrode Str+5
                  | SInv} (616 gold, have 283).
 24099 | Snake:1  | 24099 ||| SHOPLISTING ring of ice (375 gold, have 283).
 24099 | Snake:1  | 24099 ||| SHOPLISTING ring of protection from cold (375
                  | gold, have 283).
 24099 | Snake:1  | 24099 ||| SHOPLISTING ring of protection from fire (375
                  | gold, have 283).
 24140 | Snake:2  | Found Keavaeta's Assorted Antiques.
 24148 | Snake:2  | Reached skill level 10 in Shields
 24163 | Snake:2  | 24163 ||| Stepping ~*~*~tactically~*~*~ (hiding).
 24166 | Snake:2  | 24166 ||| Stepping ~*~*~tactically~*~*~ (stealth).
 24170 | Snake:2  | 24170 ||| Stepping ~*~*~tactically~*~*~ (stealth).
 24222 | Snake:2  | 24222 ||| SHOPLISTING ring of fire (525 gold, have 283).
 24280 | Snake:2  | 24280 ||| READING scroll of enchant armour.
 24280 | Snake:2  | 24280 ||| ENCHANTING +0 helmet.
 24410 | Snake:2  | 24410 ||| READING scroll of enchant weapon.
 24410 | Snake:2  | 24410 ||| ENCHANTING +3 vampiric broad axe.
 24590 | Snake:2  | 24590 ||| Stepping ~*~*~tactically~*~*~ (stealth).
 24645 | Snake:2  | 24645 ||| Stepping ~*~*~tactically~*~*~ (stealth).
 24702 | Snake:3  | Found the +5 robe of Night {Dark Will+ SInv}
 24751 | Snake:3  | 24751 ||| Stepping ~*~*~tactically~*~*~ (stealth).
 24805 | Snake:3  | 24805 ||| Stepping ~*~*~tactically~*~*~ (stealth).
 24807 | Snake:3  | 24807 ||| Stepping ~*~*~tactically~*~*~ (stealth).
 24809 | Snake:3  | 24809 ||| Stepping ~*~*~tactically~*~*~ (stealth).
 24811 | Snake:3  | 24811 ||| Stepping ~*~*~tactically~*~*~ (stealth).
 24817 | Snake:3  | Reached skill level 11 in Shields
 24830 | Snake:3  | 24830 ||| Stepping ~*~*~tactically~*~*~ (stealth).
 24832 | Snake:3  | 24832 ||| Stepping ~*~*~tactically~*~*~ (stealth).
 24834 | Snake:3  | 24834 ||| Stepping ~*~*~tactically~*~*~ (stealth).
 24913 | Snake:3  | 24913 ||| Stepping ~*~*~tactically~*~*~ (stealth).
 24943 | Snake:3  | 24943 ||| INVOKING Heroism.
 24945 | Snake:3  | HP: 20/111 [salamander/+0 glaive (23)]
 24945 | Snake:3  | HP: 9/111 [constriction (1)]
 24946 | Snake:3  | 24946 ||| READING 11 scrolls of teleportation.
 24970 | Snake:3  | 24970 ||| Stepping ~*~*~tactically~*~*~ (hiding).
 25080 | Snake:3  | 25080 ||| INVOKING Heroism.
 25105 | Snake:3  | Reached skill level 12 in Shields
 25132 | Snake:3  | 25132 ||| Stepping ~*~*~tactically~*~*~ (stealth).
 25137 | Snake:3  | 25137 ||| Stepping ~*~*~tactically~*~*~ (stealth).
 25138 | Snake:3  | 25138 ||| Stepping ~*~*~tactically~*~*~ (stealth).
 25139 | Snake:3  | 25139 ||| Stepping ~*~*~tactically~*~*~ (stealth).
 25301 | Snake:3  | 25301 ||| Stepping ~*~*~tactically~*~*~ (stealth).
 25304 | Snake:3  | 25304 ||| Stepping ~*~*~tactically~*~*~ (stealth).
 25306 | Snake:3  | 25306 ||| Stepping ~*~*~tactically~*~*~ (stealth).
 25308 | Snake:3  | 25308 ||| Stepping ~*~*~tactically~*~*~ (stealth).
 25310 | Snake:3  | 25310 ||| Stepping ~*~*~tactically~*~*~ (stealth).
 25423 | Snake:3  | 25423 ||| Stepping ~*~*~tactically~*~*~ (hiding).
 25432 | Snake:3  | Received a gift from Okawaru
 25439 | Snake:3  | 25439 ||| INVOKING Heroism.
 25441 | Snake:3  | 25441 ||| Stepping ~*~*~tactically~*~*~ (hiding).
 25443 | Snake:3  | 25443 ||| Stepping ~*~*~tactically~*~*~ (hiding).
 25447 | Snake:3  | 25447 ||| Stepping ~*~*~tactically~*~*~ (hiding).
 25449 | Snake:3  | 25449 ||| Stepping ~*~*~tactically~*~*~ (hiding).
 25450 | Snake:3  | 25450 ||| Stepping ~*~*~tactically~*~*~ (hiding).
 25598 | Snake:3  | 25598 ||| Stepping ~*~*~tactically~*~*~ (stealth).
 25601 | Snake:3  | 25601 ||| INVOKING Heroism.
 25605 | Snake:3  | 25605 ||| Stepping ~*~*~tactically~*~*~ (hiding).
 25607 | Snake:3  | 25607 ||| Stepping ~*~*~tactically~*~*~ (hiding).
 25608 | Snake:3  | 25608 ||| Stepping ~*~*~tactically~*~*~ (hiding).
 25610 | Snake:3  | 25610 ||| Stepping ~*~*~tactically~*~*~ (hiding).
 25816 | Snake:3  | 25816 ||| PLANNING SWAMP:1-3
 25957 | Swamp:1  | Entered Level 1 of the Swamp
 25963 | Swamp:1  | 25963 ||| STAIRDANCE
 26007 | Swamp:1  | 26007 ||| READING scroll of enchant armour.
 26007 | Swamp:1  | 26007 ||| ENCHANTING +1 helmet.
 26044 | Swamp:1  | 26044 ||| Stepping ~*~*~tactically~*~*~ (stealth).
 26050 | Swamp:1  | Reached skill level 13 in Shields
 26058 | Swamp:1  | 26058 ||| INVOKING Heroism.
 26080 | Swamp:1  | 26080 ||| Stepping ~*~*~tactically~*~*~ (stealth).
 26169 | Swamp:1  | 26169 ||| Stepping ~*~*~tactically~*~*~ (hiding).
 26171 | Swamp:1  | 26171 ||| Stepping ~*~*~tactically~*~*~ (hiding).
 26179 | Swamp:1  | 26179 ||| INVOKING Heroism.
 26183 | Swamp:1  | 26183 ||| Stepping ~*~*~tactically~*~*~ (hiding).
 26186 | Swamp:1  | 26186 ||| Stepping ~*~*~tactically~*~*~ (hiding).
 26187 | Swamp:1  | 26187 ||| Stepping ~*~*~tactically~*~*~ (hiding).
 26215 | Swamp:1  | 26215 ||| READING scroll of enchant armour.
 26215 | Swamp:1  | 26215 ||| ENCHANTING +0 pair of boots.
 26230 | Swamp:1  | 26230 ||| INVOKING Heroism.
 26288 | Swamp:1  | 26288 ||| Stepping ~*~*~tactically~*~*~ (stealth).
 26289 | Swamp:1  | 26289 ||| Stepping ~*~*~tactically~*~*~ (stealth).
 26292 | Swamp:1  | 26292 ||| Stepping ~*~*~tactically~*~*~ (hiding).
 26294 | Swamp:1  | 26294 ||| Stepping ~*~*~tactically~*~*~ (hiding).
 26295 | Swamp:1  | 26295 ||| Stepping ~*~*~tactically~*~*~ (hiding).
 26419 | Swamp:1  | 26419 ||| READING scroll of enchant weapon.
 26419 | Swamp:1  | 26419 ||| ENCHANTING +4 vampiric broad axe.
 26460 | Swamp:1  | 26460 ||| Stepping ~*~*~tactically~*~*~ (stealth).
 26466 | Swamp:1  | Received a gift from Okawaru
 26544 | Swamp:1  | 26544 ||| READING 9 scrolls of identify.
 26544 | Swamp:1  | 26544 ||| IDENTIFYING red potion
 26584 | Swamp:2  | 26584 ||| Stepping ~*~*~tactically~*~*~ (stealth).
 26586 | Swamp:2  | 26586 ||| Stepping ~*~*~tactically~*~*~ (stealth).
 26616 | Swamp:2  | Reached skill level 14 in Shields
 26642 | Swamp:2  | 26642 ||| Stepping ~*~*~tactically~*~*~ (stealth).
 26645 | Swamp:2  | 26645 ||| INVOKING Heroism.
 26658 | Swamp:2  | Found a frozen archway.
 26659 | Swamp:2  | 26659 ||| Stepping ~*~*~tactically~*~*~ (stealth).
 26661 | Swamp:2  | 26661 ||| Stepping ~*~*~tactically~*~*~ (stealth).
 26663 | Swamp:2  | 26663 ||| Stepping ~*~*~tactically~*~*~ (stealth).
 26665 | Swamp:2  | 26665 ||| Stepping ~*~*~tactically~*~*~ (stealth).
 26692 | Swamp:2  | 26692 ||| Stepping ~*~*~tactically~*~*~ (stealth).
 26703 | Swamp:2  | 26703 ||| INVOKING Heroism.
 26708 | Swamp:2  | Received a gift from Okawaru
 26734 | Swamp:2  | 26734 ||| Stepping ~*~*~tactically~*~*~ (stealth).
 26743 | Swamp:2  | 26743 ||| Stepping ~*~*~tactically~*~*~ (stealth).
 26744 | Swamp:2  | 26744 ||| Stepping ~*~*~tactically~*~*~ (stealth).
 26746 | Swamp:2  | 26746 ||| Stepping ~*~*~tactically~*~*~ (stealth).
 26748 | Swamp:2  | 26748 ||| Stepping ~*~*~tactically~*~*~ (stealth).
 26749 | Swamp:2  | 26749 ||| Stepping ~*~*~tactically~*~*~ (stealth).
 26791 | Swamp:2  | 26791 ||| READING scroll of enchant weapon.
 26791 | Swamp:2  | 26791 ||| ENCHANTING +5 vampiric broad axe.
 26858 | Swamp:2  | 26858 ||| Stepping ~*~*~tactically~*~*~ (stealth).
 26925 | Swamp:2  | 26925 ||| INVOKING Heroism.
 27100 | Swamp:2  | 27100 ||| DROPPING +1 pair of boots.
 27181 | Swamp:3  | 27181 ||| Stepping ~*~*~tactically~*~*~ (stealth).
 27187 | Swamp:3  | Received a gift from Okawaru
 27188 | Swamp:3  | Reached XP level 18. HP: 113/116 MP: 25/25
 27190 | Swamp:3  | 27190 ||| DROPPING +1 hand axe of flaming.
 27192 | Swamp:3  | 27192 ||| Stepping ~*~*~tactically~*~*~ (stealth).
 27194 | Swamp:3  | 27194 ||| INVOKING Heroism.
 27195 | Swamp:3  | 27195 ||| INVOKING Finesse.
 27207 | Swamp:3  | 27207 ||| Stepping ~*~*~tactically~*~*~ (hiding).
 27258 | Swamp:3  | 27258 ||| Stepping ~*~*~tactically~*~*~ (stealth).
 27260 | Swamp:3  | 27260 ||| Stepping ~*~*~tactically~*~*~ (stealth).
 27262 | Swamp:3  | 27262 ||| Stepping ~*~*~tactically~*~*~ (stealth).
 27264 | Swamp:3  | 27264 ||| Stepping ~*~*~tactically~*~*~ (stealth).
 27266 | Swamp:3  | 27266 ||| Stepping ~*~*~tactically~*~*~ (stealth).
 27268 | Swamp:3  | 27268 ||| Stepping ~*~*~tactically~*~*~ (stealth).
 27270 | Swamp:3  | 27270 ||| Stepping ~*~*~tactically~*~*~ (stealth).
 27272 | Swamp:3  | 27272 ||| Stepping ~*~*~tactically~*~*~ (hiding).
 27273 | Swamp:3  | 27273 ||| Stepping ~*~*~tactically~*~*~ (hiding).
 27274 | Swamp:3  | 27274 ||| Stepping ~*~*~tactically~*~*~ (hiding).
 27394 | Swamp:3  | 27394 ||| Stepping ~*~*~tactically~*~*~ (stealth).
 27464 | Swamp:3  | 27464 ||| Stepping ~*~*~tactically~*~*~ (hiding).
 27466 | Swamp:3  | 27466 ||| INVOKING Heroism.
 27487 | Swamp:3  | Reached skill level 15 in Shields
 27499 | Swamp:3  | 27499 ||| INVOKING Heroism.
 27564 | Swamp:3  | 27564 ||| READING 2 scrolls of enchant weapon.
 27564 | Swamp:3  | 27564 ||| ENCHANTING +6 vampiric broad axe.
 27565 | Swamp:3  | 27565 ||| READING scroll of enchant weapon.
 27565 | Swamp:3  | 27565 ||| ENCHANTING +7 vampiric broad axe.
 27619 | Swamp:3  | 27619 ||| Stepping ~*~*~tactically~*~*~ (stealth).
 27689 | Swamp:3  | 27689 ||| INVOKING Heroism.
 27793 | Swamp:3  | 27793 ||| Stepping ~*~*~tactically~*~*~ (stealth).
 27795 | Swamp:3  | 27795 ||| Stepping ~*~*~tactically~*~*~ (stealth).
 27797 | Swamp:3  | 27797 ||| Stepping ~*~*~tactically~*~*~ (stealth).
 27799 | Swamp:3  | 27799 ||| Stepping ~*~*~tactically~*~*~ (stealth).
 27819 | Swamp:3  | 27819 ||| Stepping ~*~*~tactically~*~*~ (cloud).
 27857 | Swamp:3  | 27857 ||| PLANNING SNAKE:4
 28043 | Snake:4  | Entered Level 4 of the Snake Pit
 28097 | Snake:4  | 28097 ||| Stepping ~*~*~tactically~*~*~ (stealth).
 28099 | Snake:4  | 28099 ||| Stepping ~*~*~tactically~*~*~ (stealth).
 28101 | Snake:4  | 28101 ||| Stepping ~*~*~tactically~*~*~ (hiding).
 28115 | Snake:4  | Reached skill level 16 in Shields
 28193 | Snake:4  | 28193 ||| Stepping ~*~*~tactically~*~*~ (stealth).
 28195 | Snake:4  | 28195 ||| Stepping ~*~*~tactically~*~*~ (stealth).
 28197 | Snake:4  | 28197 ||| Stepping ~*~*~tactically~*~*~ (stealth).
 28199 | Snake:4  | 28199 ||| Stepping ~*~*~tactically~*~*~ (stealth).
 28201 | Snake:4  | 28201 ||| Stepping ~*~*~tactically~*~*~ (stealth).
 28203 | Snake:4  | 28203 ||| Stepping ~*~*~tactically~*~*~ (stealth).
 28205 | Snake:4  | 28205 ||| Stepping ~*~*~tactically~*~*~ (stealth).
 28212 | Snake:4  | Received a gift from Okawaru
 28220 | Snake:4  | 28220 ||| Stepping ~*~*~tactically~*~*~ (stealth).
 28222 | Snake:4  | 28222 ||| Stepping ~*~*~tactically~*~*~ (stealth).
 28224 | Snake:4  | 28224 ||| Stepping ~*~*~tactically~*~*~ (stealth).
 28544 | Snake:4  | 28544 ||| INVOKING Heroism.
 28571 | Snake:4  | Received a gift from Okawaru
 28576 | Snake:4  | Reached skill level 17 in Shields
 28592 | Snake:4  | Noticed Vashnia
 28606 | Snake:4  | 28606 ||| INVOKING Heroism.
 28649 | Snake:4  | 28649 ||| INVOKING Heroism.
 28673 | Snake:4  | Reached skill level 18 in Shields
 28683 | Snake:4  | Killed Vashnia
 28786 | Snake:4  | Got a serpentine rune of Zot
 28884 | Snake:4  | 28884 ||| INVOKING Heroism.
 29138 | Snake:4  | 29138 ||| PLANNING VAULTS:1-4
 29467 | Vaults:1 | Entered Level 1 of the Vaults
 29551 | Vaults:1 | 29551 ||| Stepping ~*~*~tactically~*~*~ (stealth).
 29557 | Vaults:1 | Reached skill level 15 in Fighting
 29558 | Vaults:1 | 29558 ||| Stepping ~*~*~tactically~*~*~ (hiding).
 29601 | Vaults:1 | 29601 ||| FLEEEEING.
 29602 | Vaults:1 | 29602 ||| FLEEEEING.
 29603 | Vaults:1 | 29603 ||| FLEEEEING.
 29604 | Vaults:1 | 29604 ||| FLEEEEING.
 29605 | Vaults:1 | 29605 ||| FLEEEEING.
 29606 | Vaults:1 | 29606 ||| FLEEEEING.
 29620 | Vaults:1 | 29620 ||| FLEEEEING.
 29621 | Vaults:1 | 29621 ||| FLEEEEING.
 29858 | Vaults:1 | 29858 ||| Stepping ~*~*~tactically~*~*~ (stealth).
 29859 | Vaults:1 | 29859 ||| Stepping ~*~*~tactically~*~*~ (stealth).
 29902 | Vaults:1 | 29902 ||| FLEEEEING.
 29903 | Vaults:1 | 29903 ||| FLEEEEING.
 29904 | Vaults:1 | 29904 ||| FLEEEEING.
 29905 | Vaults:1 | 29905 ||| FLEEEEING.
 29906 | Vaults:1 | 29906 ||| FLEEEEING.
 29907 | Vaults:1 | 29907 ||| FLEEEEING.
 29908 | Vaults:1 | 29908 ||| FLEEEEING.
 29909 | Vaults:1 | 29909 ||| FLEEEEING.
 29910 | Vaults:1 | 29910 ||| FLEEEEING.
 29911 | Vaults:1 | 29911 ||| FLEEEEING.
 29912 | Vaults:1 | 29912 ||| FLEEEEING.
 29913 | Vaults:1 | 29913 ||| FLEEEEING.
 29914 | Vaults:1 | 29914 ||| FLEEEEING.
 29915 | Vaults:1 | 29915 ||| FLEEEEING.
 29916 | Vaults:1 | 29916 ||| FLEEEEING.
 29917 | Vaults:1 | 29917 ||| FLEEEEING.
 29918 | Vaults:1 | 29918 ||| FLEEEEING.
 29919 | Vaults:1 | 29919 ||| FLEEEEING.
 29920 | Vaults:1 | 29920 ||| FLEEEEING.
 29921 | Vaults:1 | 29921 ||| FLEEEEING.
 29922 | Vaults:1 | 29922 ||| FLEEEEING.
 29923 | Vaults:1 | 29923 ||| FLEEEEING.
 29924 | Vaults:1 | 29924 ||| FLEEEEING.
 29925 | Vaults:1 | 29925 ||| FLEEEEING.
 29926 | Vaults:1 | 29926 ||| FLEEEEING.
 29927 | Vaults:1 | 29927 ||| FLEEEEING.
 29928 | Vaults:1 | 29928 ||| FLEEEEING.
 29929 | Vaults:1 | 29929 ||| FLEEEEING.
 29930 | Vaults:1 | 29930 ||| FLEEEEING.
 29935 | Vaults:1 | Received a gift from Okawaru
 29936 | Vaults:1 | Reached XP level 19. HP: 124/124 MP: 26/26
 30086 | Vaults:1 | 30086 ||| Stepping ~*~*~tactically~*~*~ (stealth).
 30149 | Vaults:1 | 30149 ||| Stepping ~*~*~tactically~*~*~ (stealth).
 30151 | Vaults:1 | 30151 ||| Stepping ~*~*~tactically~*~*~ (hiding).
 30154 | Vaults:1 | 30154 ||| Stepping ~*~*~tactically~*~*~ (hiding).
 30156 | Vaults:1 | 30156 ||| INVOKING Heroism.
 30157 | Vaults:1 | 30157 ||| INVOKING Finesse.
 30198 | Vaults:1 | Reached skill level 15 in Armour
 30218 | Vaults:1 | Found Ucwieg's General Store.
 30226 | Vaults:1 | 30226 ||| BUYING 2 potions of resistance (380 gold).
 30226 | Vaults:1 | Bought 2 potions of resistance for 380 gold pieces
 30346 | Vaults:1 | 30346 ||| Stepping ~*~*~tactically~*~*~ (stealth).
 30407 | Vaults:1 | 30407 ||| Stepping ~*~*~tactically~*~*~ (stealth).
 30409 | Vaults:1 | 30409 ||| Stepping ~*~*~tactically~*~*~ (stealth).
 30411 | Vaults:1 | 30411 ||| Stepping ~*~*~tactically~*~*~ (stealth).
 30413 | Vaults:1 | 30413 ||| Stepping ~*~*~tactically~*~*~ (stealth).
 30415 | Vaults:1 | 30415 ||| Stepping ~*~*~tactically~*~*~ (stealth).
 30417 | Vaults:1 | 30417 ||| Stepping ~*~*~tactically~*~*~ (stealth).
 30419 | Vaults:1 | 30419 ||| Stepping ~*~*~tactically~*~*~ (stealth).
 30421 | Vaults:1 | 30421 ||| Stepping ~*~*~tactically~*~*~ (stealth).
 30429 | Vaults:1 | 30429 ||| Stepping ~*~*~tactically~*~*~ (stealth).
 30443 | Vaults:1 | Received a gift from Okawaru
 30445 | Vaults:1 | 30445 ||| DROPPING +0 heavy broad axe.
 30510 | Vaults:1 | 30510 ||| INVOKING Finesse.
 30541 | Vaults:1 | 30541 ||| FLEEEEING.
 30542 | Vaults:1 | 30542 ||| FLEEEEING.
 30543 | Vaults:1 | 30543 ||| FLEEEEING.
 30544 | Vaults:1 | 30544 ||| FLEEEEING.
 30545 | Vaults:1 | 30545 ||| FLEEEEING.
 30546 | Vaults:1 | 30546 ||| FLEEEEING.
 30547 | Vaults:1 | 30547 ||| FLEEEEING.
 30548 | Vaults:1 | 30548 ||| FLEEEEING.
 30549 | Vaults:1 | 30549 ||| FLEEEEING.
 30550 | Vaults:1 | 30550 ||| FLEEEEING.
 30551 | Vaults:1 | 30551 ||| FLEEEEING.
 30552 | Vaults:1 | 30552 ||| FLEEEEING.
 30553 | Vaults:1 | 30553 ||| FLEEEEING.
 30554 | Vaults:1 | 30554 ||| FLEEEEING.
 30555 | Vaults:1 | 30555 ||| FLEEEEING.
 30557 | Vaults:1 | 30557 ||| FLEEEEING.
 30558 | Vaults:1 | 30558 ||| FLEEEEING.
 30559 | Vaults:1 | 30559 ||| FLEEEEING.
 30597 | Vaults:1 | 30597 ||| Stepping ~*~*~tactically~*~*~ (stealth).
 30600 | Vaults:1 | 30600 ||| Stepping ~*~*~tactically~*~*~ (stealth).
 30602 | Vaults:1 | 30602 ||| Stepping ~*~*~tactically~*~*~ (stealth).
 30739 | Vaults:1 | 30739 ||| FLEEEEING.
 30740 | Vaults:1 | 30740 ||| FLEEEEING.
 30741 | Vaults:1 | 30741 ||| FLEEEEING.
 30742 | Vaults:1 | 30742 ||| FLEEEEING.
 30749 | Vaults:1 | 30749 ||| FLEEEEING.
 30755 | Vaults:1 | 30755 ||| FLEEEEING.
 30756 | Vaults:1 | 30756 ||| FLEEEEING.
 30757 | Vaults:1 | 30757 ||| FLEEEEING.
 30758 | Vaults:1 | 30758 ||| FLEEEEING.
 30759 | Vaults:1 | 30759 ||| FLEEEEING.
 30760 | Vaults:1 | 30760 ||| FLEEEEING.
 30761 | Vaults:1 | 30761 ||| FLEEEEING.
 30762 | Vaults:1 | 30762 ||| FLEEEEING.
 30763 | Vaults:1 | 30763 ||| FLEEEEING.
 30764 | Vaults:1 | 30764 ||| FLEEEEING.
 30765 | Vaults:1 | 30765 ||| FLEEEEING.
 30766 | Vaults:1 | 30766 ||| FLEEEEING.
 30767 | Vaults:1 | 30767 ||| FLEEEEING.
 30768 | Vaults:1 | 30768 ||| FLEEEEING.
 30769 | Vaults:1 | 30769 ||| FLEEEEING.
 30770 | Vaults:1 | 30770 ||| FLEEEEING.
 30918 | Vaults:1 | 30918 ||| READING scroll of enchant armour.
 30918 | Vaults:1 | 30918 ||| ENCHANTING +1 pair of boots.
 30993 | Vaults:1 | 30993 ||| Stepping ~*~*~tactically~*~*~ (stealth).
 30995 | Vaults:1 | 30995 ||| Stepping ~*~*~tactically~*~*~ (stealth).
 30997 | Vaults:1 | 30997 ||| Stepping ~*~*~tactically~*~*~ (stealth).
 30999 | Vaults:1 | 30999 ||| Stepping ~*~*~tactically~*~*~ (stealth).
 31001 | Vaults:1 | 31001 ||| Stepping ~*~*~tactically~*~*~ (stealth).
 31003 | Vaults:1 | 31003 ||| Stepping ~*~*~tactically~*~*~ (stealth).
 31005 | Vaults:1 | 31005 ||| Stepping ~*~*~tactically~*~*~ (stealth).
 31007 | Vaults:1 | 31007 ||| Stepping ~*~*~tactically~*~*~ (stealth).
 31011 | Vaults:1 | 31011 ||| Stepping ~*~*~tactically~*~*~ (stealth).
 31022 | Vaults:1 | 31022 ||| INVOKING Heroism.
 31048 | Vaults:1 | 31048 ||| Stepping ~*~*~tactically~*~*~ (stealth).
 31059 | Vaults:1 | 31059 ||| FLEEEEING.
 31060 | Vaults:1 | 31060 ||| FLEEEEING.
 31061 | Vaults:1 | 31061 ||| FLEEEEING.
 31062 | Vaults:1 | 31062 ||| FLEEEEING.
 31063 | Vaults:1 | 31063 ||| FLEEEEING.
 31064 | Vaults:1 | 31064 ||| FLEEEEING.
 31065 | Vaults:1 | 31065 ||| FLEEEEING.
 31066 | Vaults:1 | 31066 ||| FLEEEEING.
 31067 | Vaults:1 | 31067 ||| FLEEEEING.
 31068 | Vaults:1 | 31068 ||| FLEEEEING.
 31075 | Vaults:1 | 31075 ||| FLEEEEING.
 31076 | Vaults:1 | 31076 ||| FLEEEEING.
 31078 | Vaults:1 | 31078 ||| FLEEEEING.
 31079 | Vaults:1 | 31079 ||| FLEEEEING.
 31080 | Vaults:1 | 31080 ||| FLEEEEING.
 31081 | Vaults:1 | 31081 ||| FLEEEEING.
 31082 | Vaults:1 | 31082 ||| FLEEEEING.
 31083 | Vaults:1 | 31083 ||| FLEEEEING.
 31084 | Vaults:1 | 31084 ||| FLEEEEING.
 31085 | Vaults:1 | 31085 ||| FLEEEEING.
 31086 | Vaults:1 | 31086 ||| FLEEEEING.
 31087 | Vaults:1 | 31087 ||| FLEEEEING.
 31088 | Vaults:1 | 31088 ||| FLEEEEING.
 31089 | Vaults:1 | 31089 ||| FLEEEEING.
 31090 | Vaults:1 | 31090 ||| FLEEEEING.
 31091 | Vaults:1 | 31091 ||| FLEEEEING.
 31092 | Vaults:1 | 31092 ||| FLEEEEING.
 31093 | Vaults:1 | 31093 ||| FLEEEEING.
 31094 | Vaults:1 | 31094 ||| FLEEEEING.
 31095 | Vaults:1 | 31095 ||| FLEEEEING.
 31096 | Vaults:1 | 31096 ||| FLEEEEING.
 31097 | Vaults:1 | 31097 ||| FLEEEEING.
 31098 | Vaults:1 | 31098 ||| FLEEEEING.
 31099 | Vaults:1 | 31099 ||| FLEEEEING.
 31100 | Vaults:1 | 31100 ||| FLEEEEING.
 31101 | Vaults:1 | 31101 ||| FLEEEEING.
 31102 | Vaults:1 | 31102 ||| FLEEEEING.
 31103 | Vaults:1 | 31103 ||| FLEEEEING.
 31104 | Vaults:1 | 31104 ||| FLEEEEING.
 31105 | Vaults:1 | 31105 ||| FLEEEEING.
 31106 | Vaults:1 | 31106 ||| FLEEEEING.
 31107 | Vaults:1 | 31107 ||| FLEEEEING.
 31108 | Vaults:1 | 31108 ||| FLEEEEING.
 31109 | Vaults:1 | 31109 ||| FLEEEEING.
 31347 | Vaults:1 | Reached skill level 9 in Throwing
 31443 | Vaults:1 | 31443 ||| Stepping ~*~*~tactically~*~*~ (hiding).
 31445 | Vaults:1 | 31445 ||| Stepping ~*~*~tactically~*~*~ (stealth).
 31470 | Vaults:1 | 31470 ||| Stepping ~*~*~tactically~*~*~ (hiding).
 31475 | Vaults:1 | Identified the +5 broad axe "Ohibliro" {freeze, rElec rPois
                  | rN+ Dex-4} (Okawaru gifted it to you on level 1 of the
                  | Vaults)
 31475 | Vaults:1 | Received a gift from Okawaru
 31476 | Vaults:1 | 31476 ||| Stepping ~*~*~tactically~*~*~ (hiding).
 31488 | Vaults:1 | 31488 ||| FLEEEEING.
 31489 | Vaults:1 | 31489 ||| FLEEEEING.
 31490 | Vaults:1 | 31490 ||| FLEEEEING.
 31491 | Vaults:1 | 31491 ||| FLEEEEING.
 31492 | Vaults:1 | 31492 ||| FLEEEEING.
 31499 | Vaults:1 | 31499 ||| FLEEEEING.
 31500 | Vaults:1 | 31500 ||| FLEEEEING.
 31501 | Vaults:1 | 31501 ||| FLEEEEING.
 31502 | Vaults:1 | 31502 ||| FLEEEEING.
 31503 | Vaults:1 | 31503 ||| FLEEEEING.
 31504 | Vaults:1 | 31504 ||| FLEEEEING.
 31505 | Vaults:1 | 31505 ||| FLEEEEING.
 31506 | Vaults:1 | 31506 ||| FLEEEEING.
 31507 | Vaults:1 | 31507 ||| FLEEEEING.
 31508 | Vaults:1 | 31508 ||| FLEEEEING.
 31509 | Vaults:1 | 31509 ||| FLEEEEING.
 31510 | Vaults:1 | 31510 ||| FLEEEEING.
 31511 | Vaults:1 | 31511 ||| FLEEEEING.
 31552 | Vaults:1 | 31552 ||| DROPPING +5 broad axe "Ohibliro" {freeze, rElec
                  | rPois rN+ Dex-4}.
 31673 | Vaults:2 | 31673 ||| Stepping ~*~*~tactically~*~*~ (stealth).
 31675 | Vaults:2 | 31675 ||| Stepping ~*~*~tactically~*~*~ (stealth).
 31677 | Vaults:2 | 31677 ||| INVOKING Heroism.
 31678 | Vaults:2 | 31678 ||| INVOKING Finesse.
 31732 | Vaults:2 | 31732 ||| Stepping ~*~*~tactically~*~*~ (stealth).
 31757 | Vaults:2 | 31757 ||| Stepping ~*~*~tactically~*~*~ (stealth).
 31759 | Vaults:2 | 31759 ||| Stepping ~*~*~tactically~*~*~ (stealth).
 31784 | Vaults:2 | 31784 ||| Stepping ~*~*~tactically~*~*~ (stealth).
 31786 | Vaults:2 | 31786 ||| INVOKING Finesse.
 31962 | Vaults:2 | 31962 ||| Stepping ~*~*~tactically~*~*~ (stealth).
 31970 | Vaults:2 | 31970 ||| INVOKING Heroism.
 32034 | Vaults:2 | 32034 ||| Stepping ~*~*~tactically~*~*~ (stealth).
 32064 | Vaults:2 | Reached skill level 19 in Shields
 32154 | Vaults:2 | 32154 ||| FLEEEEING.
 32155 | Vaults:2 | 32155 ||| Stepping ~*~*~tactically~*~*~ (hiding).
 32157 | Vaults:2 | 32157 ||| Stepping ~*~*~tactically~*~*~ (hiding).
 32158 | Vaults:2 | 32158 ||| Stepping ~*~*~tactically~*~*~ (hiding).
 32159 | Vaults:2 | 32159 ||| INVOKING Heroism.
 32212 | Vaults:2 | Received a gift from Okawaru
 32218 | Vaults:2 | 32218 ||| INVOKING Finesse.
 32221 | Vaults:2 | 32221 ||| INVOKING Heroism.
 32405 | Vaults:2 | 32405 ||| Stepping ~*~*~tactically~*~*~ (stealth).
 32406 | Vaults:2 | 32406 ||| Stepping ~*~*~tactically~*~*~ (stealth).
 32416 | Vaults:2 | 32416 ||| Stepping ~*~*~tactically~*~*~ (stealth).
 32496 | Vaults:2 | 32496 ||| INVOKING Heroism.
 32563 | Vaults:2 | 32563 ||| Stepping ~*~*~tactically~*~*~ (stealth).
 32565 | Vaults:2 | 32565 ||| Stepping ~*~*~tactically~*~*~ (hiding).
 32575 | Vaults:2 | Received a gift from Okawaru
 32580 | Vaults:2 | 32580 ||| Stepping ~*~*~tactically~*~*~ (hiding).
 32619 | Vaults:2 | 32619 ||| READING scroll of enchant armour.
 32619 | Vaults:2 | 32619 ||| ENCHANTING +1 cloak.
 32736 | Vaults:2 | 32736 ||| Stepping ~*~*~tactically~*~*~ (stealth).
 32756 | Vaults:2 | 32756 ||| Stepping ~*~*~tactically~*~*~ (stealth).
 32758 | Vaults:2 | 32758 ||| Stepping ~*~*~tactically~*~*~ (stealth).
 32760 | Vaults:2 | 32760 ||| Stepping ~*~*~tactically~*~*~ (stealth).
 32762 | Vaults:2 | 32762 ||| Stepping ~*~*~tactically~*~*~ (stealth).
 32764 | Vaults:2 | Received a gift from Okawaru
 32773 | Vaults:2 | 32773 ||| Stepping ~*~*~tactically~*~*~ (stealth).
 32815 | Vaults:2 | 32815 ||| Stepping ~*~*~tactically~*~*~ (stealth).
 32817 | Vaults:2 | 32817 ||| Stepping ~*~*~tactically~*~*~ (stealth).
 32819 | Vaults:2 | 32819 ||| Stepping ~*~*~tactically~*~*~ (stealth).
 32821 | Vaults:2 | 32821 ||| Stepping ~*~*~tactically~*~*~ (stealth).
 32823 | Vaults:2 | 32823 ||| Stepping ~*~*~tactically~*~*~ (stealth).
 32825 | Vaults:2 | 32825 ||| Stepping ~*~*~tactically~*~*~ (stealth).
 32932 | Vaults:3 | Noticed Zenata
 32933 | Vaults:3 | 32933 ||| INVOKING Heroism.
 32945 | Vaults:3 | Killed Zenata
 32990 | Vaults:3 | Reached skill level 6 in Dodging
 33012 | Vaults:3 | 33012 ||| Stepping ~*~*~tactically~*~*~ (hiding).
 33030 | Vaults:3 | 33030 ||| Stepping ~*~*~tactically~*~*~ (hiding).
 33041 | Vaults:3 | Reached XP level 20. HP: 122/131 MP: 27/27
 33044 | Vaults:3 | Received a gift from Okawaru
 33057 | Vaults:3 | 33057 ||| Stepping ~*~*~tactically~*~*~ (hiding).
 33248 | Vaults:3 | Found Geafoawo's Distillery.
 33249 | Vaults:3 | 33249 ||| Stepping ~*~*~tactically~*~*~ (stealth).
 33252 | Vaults:3 | 33252 ||| Stepping ~*~*~tactically~*~*~ (stealth).
 33253 | Vaults:3 | 33253 ||| Stepping ~*~*~tactically~*~*~ (stealth).
 33263 | Vaults:3 | 33263 ||| Stepping ~*~*~tactically~*~*~ (stealth).
 33280 | Vaults:3 | 33280 ||| BUYING potion of curing (36 gold).
 33280 | Vaults:3 | Bought a potion of curing for 36 gold pieces
 33280 | Vaults:3 | 33280 ||| BUYING potion of curing (36 gold).
 33280 | Vaults:3 | Bought a potion of curing for 36 gold pieces
 33280 | Vaults:3 | 33280 ||| BUYING potion of curing (36 gold).
 33280 | Vaults:3 | Bought a potion of curing for 36 gold pieces
 33280 | Vaults:3 | 33280 ||| BUYING potion of haste (120 gold).
 33280 | Vaults:3 | Bought a potion of haste for 120 gold pieces
 33280 | Vaults:3 | 33280 ||| BUYING potion of lignification (36 gold).
 33280 | Vaults:3 | Bought a potion of lignification for 36 gold pieces
 33280 | Vaults:3 | 33280 ||| BUYING potion of might (48 gold).
 33280 | Vaults:3 | Bought a potion of might for 48 gold pieces
 33280 | Vaults:3 | 33280 ||| BUYING potion of mutation (96 gold).
 33280 | Vaults:3 | Bought a potion of mutation for 96 gold pieces
 33296 | Vaults:3 | 33296 ||| FLEEEEING.
 33297 | Vaults:3 | 33297 ||| FLEEEEING.
 33310 | Vaults:3 | 33310 ||| FLEEEEING.
 33311 | Vaults:3 | 33311 ||| FLEEEEING.
 33312 | Vaults:3 | 33312 ||| FLEEEEING.
 33313 | Vaults:3 | 33313 ||| FLEEEEING.
 33321 | Vaults:3 | 33321 ||| FLEEEEING.
 33322 | Vaults:3 | 33322 ||| FLEEEEING.
 33323 | Vaults:3 | 33323 ||| FLEEEEING.
 33324 | Vaults:3 | 33324 ||| FLEEEEING.
 33325 | Vaults:3 | 33325 ||| FLEEEEING.
 33326 | Vaults:3 | 33326 ||| FLEEEEING.
 33327 | Vaults:3 | 33327 ||| FLEEEEING.
 33328 | Vaults:3 | 33328 ||| FLEEEEING.
 33329 | Vaults:3 | 33329 ||| FLEEEEING.
 33330 | Vaults:3 | 33330 ||| FLEEEEING.
 33331 | Vaults:3 | 33331 ||| FLEEEEING.
 33337 | Vaults:3 | 33337 ||| FLEEEEING.
 33338 | Vaults:3 | 33338 ||| FLEEEEING.
 33339 | Vaults:3 | 33339 ||| FLEEEEING.
 33340 | Vaults:3 | 33340 ||| FLEEEEING.
 33341 | Vaults:3 | 33341 ||| FLEEEEING.
 33342 | Vaults:3 | 33342 ||| FLEEEEING.
 33343 | Vaults:3 | 33343 ||| FLEEEEING.
 33344 | Vaults:3 | 33344 ||| FLEEEEING.
 33345 | Vaults:3 | 33345 ||| FLEEEEING.
 33346 | Vaults:3 | 33346 ||| FLEEEEING.
 33347 | Vaults:3 | 33347 ||| FLEEEEING.
 33348 | Vaults:3 | 33348 ||| FLEEEEING.
 33349 | Vaults:3 | 33349 ||| FLEEEEING.
 33350 | Vaults:3 | 33350 ||| FLEEEEING.
 33351 | Vaults:3 | 33351 ||| FLEEEEING.
 33352 | Vaults:3 | 33352 ||| FLEEEEING.
 33353 | Vaults:3 | 33353 ||| FLEEEEING.
 33354 | Vaults:3 | 33354 ||| FLEEEEING.
 33359 | Vaults:3 | 33359 ||| FLEEEEING.
 33360 | Vaults:3 | 33360 ||| FLEEEEING.
 33361 | Vaults:3 | 33361 ||| FLEEEEING.
 33362 | Vaults:3 | 33362 ||| FLEEEEING.
 33363 | Vaults:3 | 33363 ||| FLEEEEING.
 33364 | Vaults:3 | 33364 ||| FLEEEEING.
 33365 | Vaults:3 | 33365 ||| FLEEEEING.
 33366 | Vaults:3 | 33366 ||| FLEEEEING.
 33367 | Vaults:3 | 33367 ||| FLEEEEING.
 33374 | Vaults:3 | 33374 ||| FLEEEEING.
 33512 | Vaults:3 | Identified the +0 ring mail of Chimes {rF- Str+9} (Okawaru
                  | gifted it to you on level 3 of the Vaults)
 33512 | Vaults:3 | Received a gift from Okawaru
 33594 | Vaults:3 | Found a staircase to the Crypt.
 33621 | Vaults:3 | 33621 ||| Stepping ~*~*~tactically~*~*~ (stealth).
 33666 | Vaults:3 | Found a runed translucent door.
 33666 | Vaults:3 | Noticed Kare Xaoge's ghost (adept DgTm)
 33821 | Vaults:3 | 33821 ||| INVOKING Finesse.
 33939 | Vaults:3 | Found Edequcwa's Antique Weapon Shoppe.
 34033 | Vaults:3 | 34033 ||| FLEEEEING.
 34111 | Vaults:3 | Found Ivoibamo's General Store.
 34119 | Vaults:3 | 34119 ||| BUYING potion of might (44 gold).
 34119 | Vaults:3 | Bought a potion of might for 44 gold pieces
 34119 | Vaults:3 | 34119 ||| BUYING scroll of brand weapon (104 gold).
 34119 | Vaults:3 | Bought a scroll of brand weapon for 104 gold pieces
 34224 | Vaults:3 | 34224 ||| Stepping ~*~*~tactically~*~*~ (stealth).
 34226 | Vaults:3 | 34226 ||| Stepping ~*~*~tactically~*~*~ (hiding).
 34229 | Vaults:3 | Noticed Mara
 34230 | Vaults:3 | 34230 ||| INVOKING Heroism.
 34231 | Vaults:3 | 34231 ||| INVOKING Finesse.
 34247 | Vaults:3 | Killed Mara
 34470 | Vaults:3 | 34470 ||| Stepping ~*~*~tactically~*~*~ (stealth).
 34488 | Vaults:3 | Found Hoenteo's Distillery.
 34494 | Vaults:3 | 34494 ||| BUYING potion of attraction (42 gold).
 34494 | Vaults:3 | Bought a potion of attraction for 42 gold pieces
 34494 | Vaults:3 | 34494 ||| BUYING potion of curing (42 gold).
 34494 | Vaults:3 | Bought a potion of curing for 42 gold pieces
 34494 | Vaults:3 | 34494 ||| SHOPLISTING potion of curing (42 gold, have 38).
 34494 | Vaults:3 | 34494 ||| SHOPLISTING potion of haste (140 gold, have 38).
 34494 | Vaults:3 | 34494 ||| SHOPLISTING potion of heal wounds (70 gold, have
                  | 38).
 34494 | Vaults:3 | 34494 ||| SHOPLISTING potion of lignification (42 gold,
                  | have 38).
 34494 | Vaults:3 | 34494 ||| SHOPLISTING potion of resistance (140 gold, have
                  | 38).
 34588 | Vaults:4 | 34588 ||| INVOKING Heroism.
 34690 | Vaults:4 | 34690 ||| Stepping ~*~*~tactically~*~*~ (stealth).
 34693 | Vaults:4 | 34693 ||| Stepping ~*~*~tactically~*~*~ (stealth).
 34714 | Vaults:4 | 34714 ||| INVOKING Heroism.
 34729 | Vaults:4 | Received a gift from Okawaru
 34747 | Vaults:4 | Received a gift from Okawaru
 35049 | Vaults:4 | 35049 ||| Stepping ~*~*~tactically~*~*~ (stealth).
 35051 | Vaults:4 | 35051 ||| Stepping ~*~*~tactically~*~*~ (stealth).
 35096 | Vaults:4 | 35096 ||| Stepping ~*~*~tactically~*~*~ (stealth).
 35100 | Vaults:4 | 35100 ||| Stepping ~*~*~tactically~*~*~ (hiding).
 35101 | Vaults:4 | 35101 ||| Stepping ~*~*~tactically~*~*~ (hiding).
 35121 | Vaults:4 | 35121 ||| Stepping ~*~*~tactically~*~*~ (stealth).
 35123 | Vaults:4 | 35123 ||| Stepping ~*~*~tactically~*~*~ (stealth).
 35125 | Vaults:4 | 35125 ||| Stepping ~*~*~tactically~*~*~ (stealth).
 35127 | Vaults:4 | 35127 ||| Stepping ~*~*~tactically~*~*~ (stealth).
 35130 | Vaults:4 | 35130 ||| Stepping ~*~*~tactically~*~*~ (stealth).
 35135 | Vaults:4 | 35135 ||| Stepping ~*~*~tactically~*~*~ (stealth).
 35160 | Vaults:4 | 35160 ||| FLEEEEING.
 35161 | Vaults:4 | 35161 ||| FLEEEEING.
 35162 | Vaults:4 | 35162 ||| FLEEEEING.
 35173 | Vaults:4 | 35173 ||| FLEEEEING.
 35174 | Vaults:4 | 35174 ||| FLEEEEING.
 35175 | Vaults:4 | 35175 ||| FLEEEEING.
 35176 | Vaults:4 | 35176 ||| FLEEEEING.
 35177 | Vaults:4 | 35177 ||| FLEEEEING.
 35181 | Vaults:4 | 35181 ||| STAIRDANCE
 35338 | Vaults:4 | 35338 ||| Stepping ~*~*~tactically~*~*~ (stealth).
 35402 | Vaults:4 | 35402 ||| Stepping ~*~*~tactically~*~*~ (stealth).
 35403 | Vaults:4 | 35403 ||| Stepping ~*~*~tactically~*~*~ (stealth).
 35406 | Vaults:4 | 35406 ||| Stepping ~*~*~tactically~*~*~ (stealth).
 35446 | Vaults:4 | 35446 ||| Stepping ~*~*~tactically~*~*~ (stealth).
 35454 | Vaults:4 | 35454 ||| Stepping ~*~*~tactically~*~*~ (stealth).
 35491 | Vaults:4 | 35491 ||| Stepping ~*~*~tactically~*~*~ (stealth).
 35500 | Vaults:4 | Reached skill level 18 in Fighting
 35506 | Vaults:4 | 35506 ||| INVOKING Heroism.
 35510 | Vaults:4 | Received a gift from Okawaru
 35589 | Vaults:4 | 35589 ||| Stepping ~*~*~tactically~*~*~ (stealth).
 35591 | Vaults:4 | 35591 ||| Stepping ~*~*~tactically~*~*~ (stealth).
 35593 | Vaults:4 | 35593 ||| Stepping ~*~*~tactically~*~*~ (stealth).
 35600 | Vaults:4 | 35600 ||| INVOKING Finesse.
 35601 | Vaults:4 | 35601 ||| Stepping ~*~*~tactically~*~*~ (stealth).
 35603 | Vaults:4 | 35603 ||| Stepping ~*~*~tactically~*~*~ (stealth).
 35632 | Vaults:4 | 35632 ||| Stepping ~*~*~tactically~*~*~ (stealth).
 35634 | Vaults:4 | 35634 ||| Stepping ~*~*~tactically~*~*~ (stealth).
 35649 | Vaults:4 | 35649 ||| Stepping ~*~*~tactically~*~*~ (stealth).
 35655 | Vaults:4 | 35655 ||| Stepping ~*~*~tactically~*~*~ (stealth).
 35658 | Vaults:4 | 35658 ||| Stepping ~*~*~tactically~*~*~ (stealth).
 35670 | Vaults:4 | 35670 ||| INVOKING Finesse.
 35752 | Vaults:4 | Reached XP level 21. HP: 141/141 MP: 25/28
 35817 | Vaults:4 | 35817 ||| Stepping ~*~*~tactically~*~*~ (stealth).
 35819 | Vaults:4 | 35819 ||| Stepping ~*~*~tactically~*~*~ (stealth).
 35821 | Vaults:4 | 35821 ||| Stepping ~*~*~tactically~*~*~ (hiding).
 35824 | Vaults:4 | 35824 ||| Stepping ~*~*~tactically~*~*~ (hiding).
 35939 | Vaults:4 | 35939 ||| Stepping ~*~*~tactically~*~*~ (stealth).
 35941 | Vaults:4 | 35941 ||| Stepping ~*~*~tactically~*~*~ (stealth).
 35943 | Vaults:4 | 35943 ||| Stepping ~*~*~tactically~*~*~ (stealth).
 35993 | Vaults:4 | Received a gift from Okawaru
 36212 | Vaults:4 | 36212 ||| Stepping ~*~*~tactically~*~*~ (stealth).
 36258 | Vaults:4 | 36258 ||| Stepping ~*~*~tactically~*~*~ (stealth).
 36260 | Vaults:4 | 36260 ||| Stepping ~*~*~tactically~*~*~ (stealth).
 36266 | Vaults:4 | 36266 ||| Stepping ~*~*~tactically~*~*~ (stealth).
 36287 | Vaults:4 | Identified the +1 chain mail "Zelyixt" {rElec Will- Str+3
                  | Int+7} (Okawaru gifted it to you on level 4 of the Vaults)
 36287 | Vaults:4 | Received a gift from Okawaru
 36288 | Vaults:4 | Reached skill level 18 in Armour
 36372 | Vaults:4 | 36372 ||| Stepping ~*~*~tactically~*~*~ (stealth).
 36374 | Vaults:4 | 36374 ||| Stepping ~*~*~tactically~*~*~ (hiding).
 36376 | Vaults:4 | 36376 ||| Stepping ~*~*~tactically~*~*~ (hiding).
 36407 | Vaults:4 | 36407 ||| PLANNING SWAMP:4
 36802 | Swamp:4  | Entered Level 4 of the Swamp
 36942 | Swamp:4  | 36942 ||| Stepping ~*~*~tactically~*~*~ (stealth).
 36944 | Swamp:4  | 36944 ||| Stepping ~*~*~tactically~*~*~ (stealth).
 36971 | Swamp:4  | 36971 ||| Stepping ~*~*~tactically~*~*~ (stealth).
 36973 | Swamp:4  | 36973 ||| Stepping ~*~*~tactically~*~*~ (stealth).
 36975 | Swamp:4  | 36975 ||| Stepping ~*~*~tactically~*~*~ (stealth).
 36977 | Swamp:4  | 36977 ||| Stepping ~*~*~tactically~*~*~ (stealth).
 36979 | Swamp:4  | 36979 ||| Stepping ~*~*~tactically~*~*~ (hiding).
 37091 | Swamp:4  | 37091 ||| READING scroll of enchant weapon.
 37091 | Swamp:4  | 37091 ||| ENCHANTING +8 vampiric broad axe.
 37125 | Swamp:4  | 37125 ||| Stepping ~*~*~tactically~*~*~ (stealth).
 37128 | Swamp:4  | 37128 ||| Stepping ~*~*~tactically~*~*~ (hiding).
 37151 | Swamp:4  | 37151 ||| Stepping ~*~*~tactically~*~*~ (hiding).
 37189 | Swamp:4  | 37189 ||| Stepping ~*~*~tactically~*~*~ (stealth).
 37228 | Swamp:4  | Reached skill level 20 in Shields
 37233 | Swamp:4  | 37233 ||| Stepping ~*~*~tactically~*~*~ (hiding).
 37244 | Swamp:4  | 37244 ||| Stepping ~*~*~tactically~*~*~ (stealth).
 37246 | Swamp:4  | 37246 ||| Stepping ~*~*~tactically~*~*~ (stealth).
 37248 | Swamp:4  | 37248 ||| Stepping ~*~*~tactically~*~*~ (stealth).
 37250 | Swamp:4  | 37250 ||| Stepping ~*~*~tactically~*~*~ (hiding).
 37308 | Swamp:4  | 37308 ||| Stepping ~*~*~tactically~*~*~ (stealth).
 37323 | Swamp:4  | 37323 ||| Stepping ~*~*~tactically~*~*~ (stealth).
 37325 | Swamp:4  | 37325 ||| Stepping ~*~*~tactically~*~*~ (stealth).
 37327 | Swamp:4  | 37327 ||| Stepping ~*~*~tactically~*~*~ (stealth).
 37328 | Swamp:4  | 37328 ||| Stepping ~*~*~tactically~*~*~ (stealth).
 37330 | Swamp:4  | 37330 ||| Stepping ~*~*~tactically~*~*~ (stealth).
 37332 | Swamp:4  | 37332 ||| Stepping ~*~*~tactically~*~*~ (stealth).
 37350 | Swamp:4  | 37350 ||| Stepping ~*~*~tactically~*~*~ (stealth).
 37352 | Swamp:4  | 37352 ||| Stepping ~*~*~tactically~*~*~ (stealth).
 37354 | Swamp:4  | 37354 ||| Stepping ~*~*~tactically~*~*~ (hiding).
 37381 | Swamp:4  | 37381 ||| Stepping ~*~*~tactically~*~*~ (hiding).
 37407 | Swamp:4  | 37407 ||| Stepping ~*~*~tactically~*~*~ (hiding).
 37410 | Swamp:4  | 37410 ||| Stepping ~*~*~tactically~*~*~ (hiding).
 37431 | Swamp:4  | 37431 ||| Stepping ~*~*~tactically~*~*~ (stealth).
 37432 | Swamp:4  | 37432 ||| Stepping ~*~*~tactically~*~*~ (stealth).
 37438 | Swamp:4  | 37438 ||| Stepping ~*~*~tactically~*~*~ (hiding).
 37440 | Swamp:4  | 37440 ||| Stepping ~*~*~tactically~*~*~ (hiding).
 37455 | Swamp:4  | 37455 ||| Stepping ~*~*~tactically~*~*~ (stealth).
 37457 | Swamp:4  | 37457 ||| Stepping ~*~*~tactically~*~*~ (hiding).
 37569 | Swamp:4  | Got a decaying rune of Zot
 37623 | Swamp:4  | 37623 ||| Stepping ~*~*~tactically~*~*~ (stealth).
 37625 | Swamp:4  | 37625 ||| Stepping ~*~*~tactically~*~*~ (hiding).
 37911 | Swamp:4  | 37911 ||| FLEEEEING.
 37916 | Swamp:4  | 37916 ||| FLEEEEING.
 37918 | Swamp:4  | 37918 ||| INVOKING Heroism.
 38066 | Swamp:4  | 38066 ||| PLANNING DEPTHS
 38441 | Depths:1 | Entered Level 1 of the Depths
 38443 | Depths:1 | 38443 ||| INVOKING Heroism.
 38451 | Depths:1 | Received a gift from Okawaru
 38467 | Depths:1 | 38467 ||| DRINKING 17 potions of curing.
 38467 | Depths:1 | 38467 ||| (to cure confusion)
 38505 | Depths:1 | 38505 ||| Stepping ~*~*~tactically~*~*~ (stealth).
 38523 | Depths:1 | 38523 ||| DROPPING +1 broad axe of freezing.
 38545 | Depths:1 | 38545 ||| Stepping ~*~*~tactically~*~*~ (stealth).
 38567 | Depths:1 | 38567 ||| INVOKING Heroism.
 38635 | Depths:1 | 38635 ||| Stepping ~*~*~tactically~*~*~ (stealth).
 38636 | Depths:1 | 38636 ||| Stepping ~*~*~tactically~*~*~ (stealth).
 38637 | Depths:1 | 38637 ||| Stepping ~*~*~tactically~*~*~ (stealth).
 38650 | Depths:1 | Found a gateway to Hell.
 38703 | Depths:1 | Received a gift from Okawaru
 38742 | Depths:1 | 38742 ||| INVOKING Heroism.
 38743 | Depths:1 | 38743 ||| INVOKING Finesse.
 38799 | Depths:1 | 38799 ||| Stepping ~*~*~tactically~*~*~ (stealth).
 38801 | Depths:1 | 38801 ||| Stepping ~*~*~tactically~*~*~ (stealth).
 38806 | Depths:1 | Paralysed by a floating eye for 4 turns
 38846 | Depths:1 | 38846 ||| INVOKING Heroism.
 38847 | Depths:1 | 38847 ||| INVOKING Finesse.
 38921 | Depths:1 | Received a gift from Okawaru
 38947 | Depths:1 | 38947 ||| Stepping ~*~*~tactically~*~*~ (hiding).
 38954 | Depths:1 | Reached XP level 22. HP: 149/149 MP: 29/29
 38992 | Depths:1 | 38992 ||| INVOKING Heroism.
 38993 | Depths:1 | 38993 ||| INVOKING Finesse.
 39074 | Depths:1 | 39074 ||| Stepping ~*~*~tactically~*~*~ (stealth).
 39076 | Depths:1 | 39076 ||| Stepping ~*~*~tactically~*~*~ (hiding).
 39100 | Depths:1 | 39100 ||| INVOKING Heroism.
 39116 | Depths:1 | 39116 ||| INVOKING Finesse.
 39202 | Depths:1 | 39202 ||| INVOKING Heroism.
 39203 | Depths:1 | 39203 ||| INVOKING Finesse.
 39259 | Depths:1 | 39259 ||| INVOKING Heroism.
 39317 | Depths:1 | 39317 ||| INVOKING Heroism.
 39329 | Depths:1 | 39329 ||| INVOKING Finesse.
 39525 | Depths:1 | Found a one-way gate to the infinite horrors of the Abyss.
 39533 | Depths:1 | 39533 ||| Stepping ~*~*~tactically~*~*~ (stealth).
 39535 | Depths:1 | 39535 ||| Stepping ~*~*~tactically~*~*~ (stealth).
 39537 | Depths:1 | 39537 ||| Stepping ~*~*~tactically~*~*~ (stealth).
 39539 | Depths:1 | 39539 ||| Stepping ~*~*~tactically~*~*~ (hiding).
 39606 | Depths:1 | Found a runed translucent gate.
 39606 | Depths:1 | Found a runed translucent gate.
 39608 | Depths:1 | Found an opulent altar of Gozag.
 39609 | Depths:1 | Found a runed translucent gate.
 39619 | Depths:1 | Noticed a golden dragon
 39621 | Depths:1 | Noticed Soesill's ghost (adept DgCj)
 39751 | Depths:1 | 39751 ||| DROPPING 4 silver boomerangs.
 39752 | Depths:1 | 39752 ||| DROPPING 25 boomerangs.
 39753 | Depths:1 | 39753 ||| DROPPING 2 boomerangs of dispersal.
 39776 | Depths:2 | Received a gift from Okawaru
 39816 | Depths:2 | 39816 ||| STAIRDANCE
 39914 | Depths:2 | 39914 ||| INVOKING Finesse.
 39934 | Depths:2 | Received a gift from Okawaru
 40036 | Depths:2 | 40036 ||| INVOKING Heroism.
 40037 | Depths:2 | 40037 ||| INVOKING Finesse.
 40087 | Depths:2 | Found a portal to a secret trove of treasure.
 40125 | Depths:2 | 40125 ||| INVOKING Heroism.
 40200 | Depths:2 | 40200 ||| INVOKING Heroism.
 40289 | Depths:2 | 40289 ||| Stepping ~*~*~tactically~*~*~ (stealth).
 40291 | Depths:2 | 40291 ||| Stepping ~*~*~tactically~*~*~ (stealth).
 40293 | Depths:2 | 40293 ||| Stepping ~*~*~tactically~*~*~ (stealth).
 40295 | Depths:2 | 40295 ||| Stepping ~*~*~tactically~*~*~ (stealth).
 40297 | Depths:2 | 40297 ||| Stepping ~*~*~tactically~*~*~ (stealth).
 40299 | Depths:2 | 40299 ||| Stepping ~*~*~tactically~*~*~ (hiding).
 40300 | Depths:2 | 40300 ||| Stepping ~*~*~tactically~*~*~ (hiding).
 40346 | Depths:2 | 40346 ||| Stepping ~*~*~tactically~*~*~ (stealth).
 40350 | Depths:2 | 40350 ||| Stepping ~*~*~tactically~*~*~ (hiding).
 40456 | Depths:2 | 40456 ||| Stepping ~*~*~tactically~*~*~ (stealth).
 40458 | Depths:2 | 40458 ||| Stepping ~*~*~tactically~*~*~ (stealth).
 40460 | Depths:2 | 40460 ||| Stepping ~*~*~tactically~*~*~ (stealth).
 40462 | Depths:2 | 40462 ||| Stepping ~*~*~tactically~*~*~ (stealth).
 40473 | Depths:2 | 40473 ||| Stepping ~*~*~tactically~*~*~ (hiding).
 40480 | Depths:2 | Received a gift from Okawaru
 40563 | Depths:3 | 40563 ||| INVOKING Heroism.
 40592 | Depths:3 | 40592 ||| Stepping ~*~*~tactically~*~*~ (stealth).
 40594 | Depths:3 | 40594 ||| Stepping ~*~*~tactically~*~*~ (stealth).
 40596 | Depths:3 | 40596 ||| Stepping ~*~*~tactically~*~*~ (stealth).
 40598 | Depths:3 | 40598 ||| INVOKING Heroism.
 40673 | Depths:3 | 40673 ||| Stepping ~*~*~tactically~*~*~ (stealth).
 40676 | Depths:3 | 40676 ||| Stepping ~*~*~tactically~*~*~ (hiding).
 40677 | Depths:3 | 40677 ||| INVOKING Heroism.
 40755 | Depths:3 | 40755 ||| Stepping ~*~*~tactically~*~*~ (stealth).
 40758 | Depths:3 | 40758 ||| Stepping ~*~*~tactically~*~*~ (stealth).
 40760 | Depths:3 | 40760 ||| Stepping ~*~*~tactically~*~*~ (stealth).
 40762 | Depths:3 | 40762 ||| Stepping ~*~*~tactically~*~*~ (stealth).
 40764 | Depths:3 | 40764 ||| Stepping ~*~*~tactically~*~*~ (stealth).
 40770 | Depths:3 | Received a gift from Okawaru
 40795 | Depths:3 | 40795 ||| Stepping ~*~*~tactically~*~*~ (stealth).
 40798 | Depths:3 | 40798 ||| INVOKING Heroism.
 40829 | Depths:3 | 40829 ||| INVOKING Heroism.
 40924 | Depths:3 | 40924 ||| Stepping ~*~*~tactically~*~*~ (stealth).
 41068 | Depths:3 | 41068 ||| Stepping ~*~*~tactically~*~*~ (stealth).
 41073 | Depths:3 | 41073 ||| Stepping ~*~*~tactically~*~*~ (stealth).
 41078 | Depths:3 | 41078 ||| Stepping ~*~*~tactically~*~*~ (hiding).
 41080 | Depths:3 | 41080 ||| Stepping ~*~*~tactically~*~*~ (hiding).
 41086 | Depths:3 | Received a gift from Okawaru
 41202 | Depths:3 | 41202 ||| Stepping ~*~*~tactically~*~*~ (stealth).
 41204 | Depths:3 | 41204 ||| Stepping ~*~*~tactically~*~*~ (stealth).
 41206 | Depths:3 | 41206 ||| Stepping ~*~*~tactically~*~*~ (stealth).
 41223 | Depths:3 | 41223 ||| Stepping ~*~*~tactically~*~*~ (stealth).
 41224 | Depths:3 | 41224 ||| Stepping ~*~*~tactically~*~*~ (stealth).
 41254 | Depths:3 | 41254 ||| Stepping ~*~*~tactically~*~*~ (stealth).
 41294 | Depths:3 | 41294 ||| Stepping ~*~*~tactically~*~*~ (stealth).
 41298 | Depths:3 | 41298 ||| Stepping ~*~*~tactically~*~*~ (stealth).
 41301 | Depths:3 | 41301 ||| Stepping ~*~*~tactically~*~*~ (stealth).
 41317 | Depths:3 | 41317 ||| Stepping ~*~*~tactically~*~*~ (hiding).
 41323 | Depths:3 | 41323 ||| INVOKING Heroism.
 41331 | Depths:3 | Reached skill level 21 in Shields
 41342 | Depths:3 | Found a runed translucent door.
 41403 | Depths:3 | 41403 ||| INVOKING Heroism.
 41891 | Depths:3 | Noticed qw's ghost (veteran GrFi)
 41897 | Depths:3 | 41897 ||| DROPPING +2 pair of boots.
 55683 | Depths:2 | Glimpsed the power of Zot.
 56183 | Depths:2 | Glimpsed the power of Zot.
 56583 | Depths:2 | Glimpsed the power of Zot.
 56683 | Depths:2 | Touched by the power of Zot.
 56684 | Depths:2 | Glimpsed the power of Zot.
 57184 | Depths:2 | Glimpsed the power of Zot.
 57584 | Depths:2 | Glimpsed the power of Zot.
 57683 | Depths:2 | Touched by the power of Zot.
 57684 | Depths:2 | Glimpsed the power of Zot.
 58184 | Depths:2 | Glimpsed the power of Zot.
 58584 | Depths:2 | Glimpsed the power of Zot.
 58683 | Depths:2 | Touched by the power of Zot.
 58684 | Depths:2 | Glimpsed the power of Zot.
 59184 | Depths:2 | Glimpsed the power of Zot.
 59584 | Depths:2 | Glimpsed the power of Zot.
 59683 | Depths:2 | Touched by the power of Zot.
 59684 | Depths:2 | Glimpsed the power of Zot.
 60184 | Depths:2 | Glimpsed the power of Zot.
 60584 | Depths:2 | Glimpsed the power of Zot.
 60683 | Depths:2 | Touched by the power of Zot.
 60684 | Depths:2 | Glimpsed the power of Zot.
 61184 | Depths:2 | Glimpsed the power of Zot.
 61584 | Depths:2 | Glimpsed the power of Zot.
 61683 | Depths:2 | Touched by the power of Zot.
 61684 | Depths:2 | Glimpsed the power of Zot.
 62184 | Depths:2 | Glimpsed the power of Zot.
 62584 | Depths:2 | Glimpsed the power of Zot.
 62683 | Depths:2 | Touched by the power of Zot.
 62684 | Depths:2 | Glimpsed the power of Zot.
 63184 | Depths:2 | Glimpsed the power of Zot.
 63584 | Depths:2 | Glimpsed the power of Zot.
 63683 | Depths:2 | Touched by the power of Zot.
 63684 | Depths:2 | Glimpsed the power of Zot.
 64184 | Depths:2 | Glimpsed the power of Zot.
 64584 | Depths:2 | Glimpsed the power of Zot.
 64683 | Depths:2 | Touched by the power of Zot.
 64684 | Depths:2 | Glimpsed the power of Zot.
 65184 | Depths:2 | Glimpsed the power of Zot.
 65584 | Depths:2 | Glimpsed the power of Zot.
 65683 | Depths:2 | Touched by the power of Zot.
 65684 | Depths:2 | Glimpsed the power of Zot.
 66184 | Depths:2 | Glimpsed the power of Zot.
 66584 | Depths:2 | Glimpsed the power of Zot.
 66683 | Depths:2 | Touched by the power of Zot.
 66684 | Depths:2 | Glimpsed the power of Zot.
 67184 | Depths:2 | Glimpsed the power of Zot.
 67584 | Depths:2 | Glimpsed the power of Zot.
 67683 | Depths:2 | Touched by the power of Zot.
 67684 | Depths:2 | Glimpsed the power of Zot.
 68184 | Depths:2 | Glimpsed the power of Zot.
 68584 | Depths:2 | Glimpsed the power of Zot.
 68683 | Depths:2 | Touched by the power of Zot.
 68684 | Depths:2 | Glimpsed the power of Zot.
 69184 | Depths:2 | Glimpsed the power of Zot.
 69584 | Depths:2 | Glimpsed the power of Zot.
 69683 | Depths:2 | Touched by the power of Zot.
 69684 | Depths:2 | Glimpsed the power of Zot.
 70184 | Depths:2 | Glimpsed the power of Zot.
 70584 | Depths:2 | Glimpsed the power of Zot.
 70683 | Depths:2 | Touched by the power of Zot.
 70684 | Depths:2 | Glimpsed the power of Zot.
 71184 | Depths:2 | Glimpsed the power of Zot.
 71584 | Depths:2 | Glimpsed the power of Zot.
 71683 | Depths:2 | Touched by the power of Zot.
 71684 | Depths:2 | Quit the game

Levels and vault maps discovered:
D:1:      arrival_aquarium_a, layout_basic, fountainhead
D:2:      layout_basic
D:3:      layout_basic, tso_altar, pf_just_have_faith, amcnicky_mini_pool_small,
          grunt_ministairs_15, nrook_uturn
D:4:      layout_basic, mainiacjoe_overflow_boulevard, uniq_natasha,
          uniq_eustachio
D:5:      layout_basic, old_standard_altar, minmay_temple_entry_junction
D:6:      layout_layer_cave, lemuel_tele_altar
D:7:      layout_loops_ring, nicolae_ru_path_of_blood, st_stairs_8
D:8:      layout_cave_pools, fedhas_altar_4, nicolae_uskayaw_dance_studio,
          david_lair_generic, gammafunk_ghost_icy, supply_closet_lemuel,
          roderic_roman_lattice, uniq_prince_ribbit1
D:9:      layout_long_grid, overflow_temple_1_default,
          nemelex_xobeh_ov_fountains_minmay, jmf_multi_god_temple
D:10:     layout_roguey, xom_teletrap_fun, david_orc_5, serial_bayou,
          serial_bayou_shore_b, serial_bayou_pond_e, serial_bayou_pond_d,
          serial_bayou_pond_c, uniq_maggie
D:11:     layout_loops_ring, uniq_psyche, uniq_sonja
D:12:     layout_stronghold, uniq_nessos
D:13:     layout_gridville, david_vaults_4
D:14:     layout_rooms, nicolae_sif_muna_condensation, uniq_frances, uniq_azrael
D:15:     gammafunk_enter_depths_forms, layout_cave_pools, minivault_27, pond
Temple:   corrupted_temple
Lair:1:   minmay_guarded_unrand_snakebite, layout_cave_pods,
          gammafunk_ghost_wrathful_warriors, grunt_megastairs_3,
          infiniplex_staircase_pool_2
Lair:2:   layout_cave_pods
Lair:3:   layout_cave_pods, swamp_mist_pool, dummy_snake_entry,
          grunt_megastairs_5
Lair:4:   layout_regular_city, grunt_megastairs_1
Lair:5:   due_jungle_book, layout_big_grid, dpeg_slime_entry_enclosed,
          grunt_megastairs_2
Swamp:1:  layout_basic_swamp, evilmike_swamp_ruin_wall, swamp_pool2
Swamp:2:  layout_falls_marsh, portal_ice_cave_entry_pillars_three,
          evilmike_swamp_ruin_house_4, swamp_pool5
Swamp:3:  layout_basic_swamp, evilmike_swamp_ruin_house_5
Swamp:4:  nzn_swamp_witches_coven, layout_basic_swamp, swamp_pool3,
          infiniplex_staircase_pool
Snake:1:  layout_layer_cave, nicolae_snake_boneroom, minmay_shop_grove,
          uniq_aizul
Snake:2:  layout_cave_town, serial_shops, nicolae_diamond_shop,
          serial_bayou_shore_a, serial_bayou_shore_b, serial_bayou_shore_b
Snake:3:  layout_grid_maze
Snake:4:  johnstein_snake_rune_scales, layout_cave_town
Orc:1:    layout_caves, uniq_snorg, uniq_urug
Orc:2:    pf_orc_diabolical, layout_caves, basic_altar
Vaults:1: vaults_dpeg_hooks, nicolae_vaults_network_s, nicolae_vaults_wrenched,
          nicolae_vaults_diagonal_hallway_7, nicolae_vaults_more_shelving_1,
          v_misc_31, nicolae_vaults_door_testing_chamber, v_misc_27,
          ontoclasm_vaults_ligature, nicolae_vaults_variable_pillar_hall_cross,
          v_misc_22, nicolae_vaults_trapezoid_layered, vaults_room_large_hall,
          layout_vaults_big_cross, serial_shops, shop
Vaults:2: nicolae_vaults_tetromino_L_2, vaults_dpeg_spiral,
          vaults_room_fancy_cross, v_misc_32, nicolae_vaults_ellipses_ellipsis,
          hangedman_vaults_variations, v_misc_8, v_misc_17,
          ontoclasm_vaults_tryst, vaults_room_pool, v_misc_12,
          hangedman_vaults_locks, v_misc_2, layout_vaults_maze
Vaults:3: hellmonk_ghost_happy_afterlife, v_rooms_1, hangedman_vaults_slither,
          nicolae_vaults_asterisk, nicolae_vaults_storage_closets_2, v_misc_11,
          nicolae_vaults_little_squares_5, vaults_room_hallway, v_pattern_1,
          nicolae_vaults_six-pack, nicolae_vaults_tetromino_Z_2,
          layout_vaults_big_room, serial_shops, shop, shop,
          nicolae_shop_industrial_runoff, shop, uniq_mara, uniq_zenata
Vaults:4: v_misc_29, vaults_room_pools, vaults_standard_mumra_enter_the_diamond,
          nicolae_vaults_triangles, nicolae_vaults_closet_pinwheel_1,
          nicolae_vaults_hallways_thing, ontoclasm_vaults_shuriken,
          ontoclasm_vaults_eye, nicolae_vaults_mini_display_case,
          ontoclasm_vaults_gallery, nicolae_vaults_little_squares_1,
          vaults_room_stairs_pillars, nicolae_vaults_octothorpe,
          nicolae_vaults_gold_heap, nicolae_vaults_tetromino_Z_2,
          layout_vaults_omnibox
Depths:1: nooodl_heptagram, layout_cave_pools, hell_entry, ebering_ghost_gozag,
          hangedman_abyss_entry_splay, kennysheep_nondescript, item_on_display_a
Depths:2: kennysheep_funnel, layout_cave_pools, pan_entry, hell_entry,
          enter_trove_1, minmay_staircase_statues
Depths:3: minmay_inside_and_out, layout_gridlike, hangedman_decor_peaks_small,
          minmay_room_of_horrors, gammafunk_ghost_grave, hell_entry

Skill      XL: |  1  2  3  4  5  6  7  8  9 10 11 12 13 14 15 16 17 18 19 20 21 22 |
---------------+-------------------------------------------------------------------+-----
Axes           | 2 3 4 5 6 7 8 9 10 11 13 15 16 17 18 | 18.0
Dodging        | 1 2 3 4 5 6 7 8 |  8.0
Fighting       | 4 5 6 7 8 9 10 11 12 13 14 15 16 18 19 20 | 20.3
Armour         | 4 5 6 7 8 9 10 11 12 14 16 17 19 20 | 20.0
Throwing       | 1 2 6 7 8 9 10 11 | 11.0
Invocations    | 4 9 10 | 10.0
Shields        | 4 5 6 7 8 9 14 18 19 20 21 | 21.0

Action                     |  1- 3 |  4- 6 |  7- 9 | 10-12 | 13-15 | 16-18 | 19-21 | 22-24 || total
---------------------------+-------+-------+-------+-------+-------+-------+-------+-------++-------
  Melee: War axe           |    41 |   133 |   271 |   451 |   339 |       |       |       ||  1235
         Flail             |       |       |       |     4 |       |       |       |       ||     4
         Morningstar       |       |       |       |       |    21 |       |       |       ||    21
         Broad axe         |       |       |       |       |   775 |  1333 |  1354 |   489 ||  3951
  Throw: Boomerang         |       |    42 |    45 |    70 |    55 |       |     1 |       ||   213
         Javelin           |       |       |       |    21 |    74 |   134 |   142 |    36 ||   407
 Invoke: Heroism           |       |       |     6 |    17 |    28 |    35 |    17 |    15 ||   118
         Finesse           |       |       |       |     5 |    11 |     2 |    11 |     6 ||    35
    Use: Scroll            |     3 |     4 |     7 |     5 |    12 |    12 |     3 |       ||    46
         Potion            |       |     2 |     3 |     2 |     4 |     1 |     1 |       ||    13
   Stab: Distracted        |       |       |       |       |       |     1 |       |       ||     1
         Sleeping          |       |       |       |       |       |     2 |     4 |       ||     6
         Paralysed         |       |       |       |       |       |       |       |     2 ||     2
 Armour: Scale mail        |    16 |    11 |       |       |       |       |       |       ||    27
         Plate armour      |       |   126 |   201 |   265 |   339 |       |       |       ||   931
         Shadow dragon sca |       |       |       |       |   368 |   605 |   655 |   164 ||  1792
  Dodge: Dodged            |     6 |    56 |    63 |   126 |   437 |   390 |   329 |    77 ||  1484
  Block: Buckler           |     5 |    30 |    60 |    76 |   306 |   119 |       |       ||   596
         Tower shield      |       |       |       |       |       |   813 |  1180 |   335 ||  2328

Table legend:
 A = Non-vault XP
 B = Vault XP
 C = Vault XP percentage of total XP
 D = Non-vault monster count
 E = Vault monster count
 F = Vault count percentage of total count
                 A         B        C        D         E       F
            +---------+---------+-------+---------+---------+-------
      Total |  441784 |  260532 |  37.1 |    1055 |     457 |  30.2
            +---------+---------+-------+---------+---------+-------
        D:1 |      29 |       0 |   0.0 |      14 |       0 |   0.0
        D:2 |      74 |       0 |   0.0 |      15 |       0 |   0.0
        D:3 |      88 |       3 |   3.3 |      17 |       2 |  10.5
        D:4 |     417 |     226 |  35.1 |      22 |       2 |   8.3
        D:5 |     602 |       0 |   0.0 |       9 |       0 |   0.0
        D:6 |    1163 |       0 |   0.0 |      34 |       0 |   0.0
        D:7 |     548 |      93 |  14.5 |      11 |       1 |   8.3
        D:8 |     775 |    1372 |  63.9 |      17 |      13 |  43.3
        D:9 |    2470 |     139 |   5.3 |      25 |       2 |   7.4
       D:10 |    3161 |     781 |  19.8 |      27 |      23 |  46.0
       D:11 |    7368 |    1153 |  13.5 |      24 |       2 |   7.7
       D:12 |    3870 |    1051 |  21.4 |      16 |       1 |   5.9
       D:13 |    8739 |    3293 |  27.4 |      26 |       5 |  16.1
       D:14 |    4151 |    3614 |  46.5 |       6 |       9 |  60.0
       D:15 |    8814 |    6555 |  42.7 |      16 |      12 |  42.9
     Lair:1 |    4030 |    4575 |  53.2 |      18 |      20 |  52.6
     Lair:2 |    7628 |       0 |   0.0 |      21 |       0 |   0.0
     Lair:3 |    7643 |       0 |   0.0 |      23 |       0 |   0.0
     Lair:4 |    4040 |     433 |   9.7 |      16 |       1 |   5.9
     Lair:5 |   16599 |   18691 |  53.0 |      51 |      37 |  42.0
    Swamp:1 |   11806 |       0 |   0.0 |      25 |       0 |   0.0
    Swamp:2 |    9435 |     268 |   2.8 |      16 |       2 |  11.1
    Swamp:3 |   13966 |       0 |   0.0 |      24 |       0 |   0.0
    Swamp:4 |   11873 |   26244 |  68.9 |      24 |      36 |  60.0
    Snake:1 |   17094 |    5515 |  24.4 |      33 |       9 |  21.4
    Snake:2 |   20397 |       0 |   0.0 |      45 |       0 |   0.0
    Snake:3 |   19322 |       0 |   0.0 |      40 |       0 |   0.0
    Snake:4 |   24426 |   22296 |  47.7 |      52 |      38 |  42.2
      Orc:1 |    6721 |    1740 |  20.6 |      44 |       2 |   4.3
      Orc:2 |    4108 |   14788 |  78.3 |      32 |      56 |  63.6
   Vaults:1 |   25080 |   23952 |  48.8 |      42 |      32 |  43.2
   Vaults:2 |   25004 |   16739 |  40.1 |      38 |      24 |  38.7
   Vaults:3 |   22616 |   24564 |  52.1 |      34 |      28 |  45.2
   Vaults:4 |   49510 |   21432 |  30.2 |      62 |      26 |  29.5
   Depths:1 |   30704 |   48788 |  61.4 |      45 |      52 |  53.6
   Depths:2 |   34297 |     973 |   2.8 |      41 |       1 |   2.4
   Depths:3 |   25437 |   11254 |  30.7 |      32 |      21 |  39.6
    Abyss:1 |    7779 |       0 |   0.0 |      18 |       0 |   0.0
            +---------+---------+-------+---------+---------+-------
